 Dungeon Crawl Stone Soup version 0.22-a0-402-ga933591 (webtiles) character file.

1214663 4thArraOfDagon the Invulnerable (level 27, -9/201 HPs)
             Began as a Mummy Fire Elementalist on May 7, 2018.
             Was a High Priest of Sif Muna.
             Killed from afar by Zewir the pandemonium lord (55 damage)
             ... with a great blast of fire
             ... on level 17 of a ziggurat.
             The game lasted 06:17:16 (43086 turns).

4thArraOfDagon the Invulnerable (MuFE)             Turns: 43086, Time: 06:17:16

Health: -9/201     AC: 17    Str: 18    XL:     27
Magic:  68/68      EV: 28    Int: 46    God:    Sif Muna [*****.]
Gold:   1878       SH: 28    Dex: 19    Spells: 5/78 levels left

rFire    + + +     SeeInvis +   M - staff of power {!a}
rCold    x x .     Gourm    +   p - +3 large shield of Refuge {+Fly Int+5 Dex-5}
rNeg     + + +     Faith    .   t - +0 troll leather armour of Shadows and Fog {Regen+ rCorr Slay+3 Stlth+}
rPois    ∞         Spirit   .   i - +0 helmet of Vlad {MR+ Str+3 Int+3 SInv}
rElec    .         Reflect  .   C - scarf {repulsion}
rCorr    +         Harm     .   j - +1 pair of gloves of Refuge {Int+4}
MR       +++++                  q - +1 pair of boots of Beauty {MR+}
Stlth    +++++.....             l - amulet of Leczimikk {Gourm rF++ rC- rN+ Int+6}
HPRegen  0.83/turn              B - ring "Xitirorr" {Fire rPois Int+3 Dex+3}
MPRegen  0.41/turn              m - ring of the Morning {Fire Str+3 Dex+7 Stlth-}

@: very slightly contaminated, studying 2 skills, divine energy, repel missiles
A: no food or potions, fire vulnerability, cold resistance 1, negative energy
resistance 3, torment resistance, unbreathing, in touch with death 2
}: 5/15 runes: serpentine, barnacled, slimy, silver, golden
a: Stop Divine Energy, Channel Magic, Forget Spell, Renounce Religion, Evoke
Flight


You were on level 17 of a ziggurat.
You worshipped Sif Muna.
Sif Muna was extremely pleased with you.
You were not hungry.

You visited 11 branches of the dungeon, and saw 55 of its levels.
You visited 4 ziggurats (completing 2), and saw 93 of their levels.
You also visited: Ice Cave.

You collected 5795 gold pieces.
You spent 3917 gold pieces at shops.

Inventory:

Hand Weapons
 a - the +9 staff of Wucad Mu {channel}
   (You found it on level 20 of a ziggurat)
 o - the +7 sceptre of Torment
   (You found it on level 13 of a ziggurat)
Armour
 i - the +0 helmet of Vlad (worn) {MR+ Str+3 Int+3 SInv}
   (You found it on level 16 of a ziggurat)

   It affects your strength (+3).
   It affects your intelligence (+3).
   It affects your resistance to hostile enchantments.
   It lets you see invisible.
 j - the +1 pair of gloves of Refuge (worn) {Int+4}
   (You bought it in a shop on level 2 of the Orcish Mines)

   It affects your intelligence (+4).
 k - the +2 shield of Resistance {rF+ rC+ MR+}
   (You found it on level 8 of a ziggurat)

   It protects you from fire.
   It protects you from cold.
   It affects your resistance to hostile enchantments.
 p - the +3 large shield of Refuge (worn) {+Fly Int+5 Dex-5}
   (You took it off a daeva on level 20 of a ziggurat)

   It affects your intelligence (+5).
   It affects your dexterity (-5).
   It lets you fly.
 q - the +1 pair of boots of Beauty (worn) {MR+}
   (You found it on level 16 of a ziggurat)

   It affects your resistance to hostile enchantments.
 s - the +1 plate armour "Qiuzissi" {MP+9 Int+5 Slay+3}
   (You found it on level 9 of a ziggurat)

   It affects your intelligence (+5).
   It affects your accuracy and damage with ranged weapons and melee attacks
   (+3).
   It affects your magic capacity (+9).
 t - the +0 troll leather armour of Shadows and Fog (worn) {Regen+ rCorr Slay+3 Stlth+}
   (You found it on level 15 of a ziggurat)

   It affects your accuracy and damage with ranged weapons and melee attacks
   (+3).
   It increases your rate of regeneration.
   It protects you from acid and corrosion.
   It makes you more stealthy.
 C - a scarf of repulsion (worn)
 G - the +13 plate armour "Diuloruc" {rCorr MP+9 Int+2 Stlth-}
   (You found it on level 3 of the Depths)

   It affects your intelligence (+2).
   It affects your magic capacity (+9).
   It protects you from acid and corrosion.
   It makes you less stealthy.
Magical Staves
 L - an uncursed staff of wizardry {!a}
 M - an uncursed staff of power (weapon) {!a}
 W - an uncursed staff of fire
 X - an uncursed staff of energy {!a}
Jewellery
 l - the amulet of Leczimikk (around neck) {Gourm rF++ rC- rN+ Int+6}
   (You found it on level 22 of a ziggurat)

   [amulet of the gourmand]

   It allows you to eat raw meat even when not hungry.
   It affects your intelligence (+6).
   It greatly protects you from fire.
   It makes you vulnerable to cold.
   It protects you from negative energy.
 m - the ring of the Morning (right hand) {Fire Str+3 Dex+7 Stlth-}
   (You found it on level 19 of a ziggurat)

   [ring of fire]

   It enhances your fire magic.
   It affects your strength (+3).
   It affects your dexterity (+7).
   It protects you from fire.
   It makes you vulnerable to cold.
   It makes you less stealthy.
 y - the ring of Orthodoxy {rCorr MR++ Str+3}
   (You found it on level 5 of a ziggurat)

   [ring of resist corrosion]

   It affects your strength (+3).
   It affects your resistance to hostile enchantments.
 z - the ring of Etsi {+Inv MP+9 Dex+2 Stlth+}
   (You found it on level 12 of a ziggurat)

   [ring of magical power]

   It affects your dexterity (+2).
   It affects your magic capacity (+9).
   It lets you turn invisible.
   It makes you more stealthy.
 B - the ring "Xitirorr" (left hand) {Fire rPois Int+3 Dex+3}
   (You found it on level 18 of a ziggurat)

   [ring of fire]

   It enhances your fire magic.
   It affects your intelligence (+3).
   It affects your dexterity (+3).
   It protects you from fire.
   It makes you vulnerable to cold.
   It protects you from poison.
 K - the amulet "Zeosham" {RegenMP Dex+4 Stlth+}
   (You found it on level 27 of a ziggurat)

   [amulet of magic regeneration]

   It increases your magic regeneration.
   It affects your dexterity (+4).
   It makes you more stealthy.
 P - an uncursed ring of see invisible
 R - the ring of Piceowu {rElec rF+ rC+ rN+}
   (You found it on level 5 of the Pits of Slime)

   [ring of positive energy]

   It protects you from fire.
   It protects you from cold.
   It insulates you from electricity.
   It protects you from negative energy.
 V - the ring of the Mage {Wiz MR++ Int+3}
   (You found it on level 26 of a ziggurat)

   [ring of wizardry]

   It improves your spell success rate.
   It affects your intelligence (+3).
   It affects your resistance to hostile enchantments.
 Z - the amulet "Hyagaff" {Faith rElec rPois rC+ rN+, unknown}
   (You found it on level 14 of a ziggurat)

   [amulet of faith]

   It allows you to gain divine favour quickly.
   It protects you from cold.
   It insulates you from electricity.
   It protects you from poison.
   It protects you from negative energy.
Wands
 f - a wand of iceblast (19)
 u - a wand of clouds (19)
 A - a wand of paralysis (21)
 F - a wand of acid (57)
 H - a wand of scattershot (14)
 S - a wand of digging (57)
Scrolls
 b - 15 scrolls of remove curse
 c - 6 scrolls of torment
 d - 10 scrolls of blinking
 g - 9 scrolls of fear
 h - 45 scrolls of fog
 n - 71 scrolls of teleportation
 r - 4 scrolls of summoning
 w - 10 scrolls of amnesia
 x - 17 scrolls of immolation
 O - 20 scrolls of magic mapping
Books
 Q - a manual of Translocations
 U - a manual of Air Magic
Miscellaneous
 v - 19 boxes of beasts
 D - a lamp of fire
 E - a lightning rod (4/4)
 I - a phial of floods
 J - 29 sacks of spiders
 N - a fan of gales
 Y - 23 phantom mirrors


   Skills:
 - Level 13.0 Fighting
 O Level 27 Armour
 - Level 18.7 Dodging
 - Level 13.1 Stealth
 - Level 25.0 Shields
 - Level 26.0 Spellcasting
 - Level 21.0 Conjurations
 - Level 6.0 Summonings
 * Level 16.8 Translocations
 - Level 20.0 Fire Magic
 - Level 17.3 Ice Magic
 * Level 9.6 Air Magic
 - Level 19.7 Earth Magic
 O Level 27 Invocations
 - Level 6.0 Evocations


You had 5 spell levels left.
You knew the following spells:

 Your Spells              Type           Power        Failure   Level  Hunger
a - Ignition              Fire           #########.   1%          8    N/A
b - Aura of Abjuration    Summ           #######...   1%          5    N/A
c - Shatter               Erth           ########..   8%          9    N/A
e - Orb of Destruction    Conj           ########..   1%          7    N/A
f - Bolt of Fire          Conj/Fire      #########.   0%          6    N/A
g - Fire Storm            Conj/Fire      #########.   5%          9    N/A
h - Apportation           Tloc           ######       0%          1    N/A
i - Controlled Blink      Tloc           N/A          1%          8    N/A
j - Blink                 Tloc           N/A          0%          2    N/A
k - Glaciate              Conj/Ice       ########..   10%         9    N/A
l - Passage of Golubria   Tloc           N/A          0%          4    N/A
m - Lee's Rapid Deconstr  Erth           ########..   0%          5    N/A

Dungeon Overview and Level Annotations

Branches:
Dungeon (15/15)            Temple (0/1) D:4            Lair (6/6) D:10
 Shoals (4/4) Lair:4        Snake (4/4) Lair:2        Slime (5/5) Lair:6
    Orc (2/2) D:10            Elf (3/3) Orc:2        Vaults (5/5) D:14
  Crypt (3/3) Vaults:3       Tomb (3/3) Crypt:3      Depths (5/5) D:15
    Zot (0/5) Depths:5

Altars:
Ashenzari
Cheibriados
Dithmenos
Elyvilon
Gozag
Kikubaaqudgha
Makhleb
Nemelex Xobeh
Okawaru
Qazlal
Sif Muna
Trog
Uskayaw
Vehumet
Wu Jian
Xom
Yredelemnul
The Shining One

Shops:
D:4 !   D:6 *   D:7 =   D:15 %   Orc:2 =*[(   Elf:2 *   Elf:3 =   Shoals:1 *
Snake:4 =}=   Vaults:1 }=[==   Vaults:4 ?

Portals:
Hell: Depths:1 Depths:2 Depths:3 Depths:4 Depths:5
Abyss: Depths:2 Depths:3 Depths:4
Pandemonium: Depths:3 Depths:4 Depths:5

Annotations:
D:8 1 exclusion
Elf:2 3 runed doors
Vaults:3 Boris
Depths:2 2 runed doors


Innate Abilities, Weirdness & Mutations

You do not eat or drink.
Your flesh is vulnerable to fire.
You are immune to poison.
Your flesh is cold resistant. (rC+)
You are immune to negative energy. (rN+++)
You are immune to unholy pain and torment.
You can survive without breathing.
You are strongly in touch with the powers of death.


Message History

You kill the balrug!
Sif Muna accepts your kill.
You hear a bellow!
You hear a shout!
You hear a bellow!
You hear a trumpeting!
A poison arrow appears from out of your range of vision.
The poison arrow hits your fire vortex.
Your fire vortex partially resists.
Unknown command.
Your fire vortex barely misses something. x2
Unknown command.
Unknown command.
Something hits your fire vortex.
Your fire vortex completely misses something.
Something hits your fire vortex! Something hits your fire vortex!!
Your fire vortex dissipates!
Unknown command.
Something hits your fire vortex! Zewir gestures at you.
A raging storm of fire appears!
The great blast of fire engulfs you! You partially resist.
You die...

▓...§.............
▓....§§..........)
▓...§v§v..........
▓...§§vvv.........
▓...v§.§&..§§§vv..
▓∩...v..3.vv§v§.)1
▓.....§.§..§§§§..)
▓.........v§§.§§..
▓@.........vv§§v..
▓.........#.......
▓.................
▓▓▓▓▓▓▓▓▓.........
▓.........
▓.........
▓......... ▓.
.......


You could see Zewir, a ynoxinul and 7 friendly fire vortices.

Vanquished Creatures
  the Royal Jelly (Slime:5)
  30 ancient liches
  4 orbs of fire (Zig:11)
  12 juggernauts
  Sojobo (Vaults:3)
  48 greater mummies
  The ghost of Dargar the Conqueror, a master GrFi of the Shining One (Vaults:5)
  10 shard shrikes
  29 pandemonium lords
  14 Killer Klowns
  11 profane servitors
  43 golden dragons
  Nikola (Shoals:4)
  10 bone dragons
  3 pearl dragons (Zig:20)
  6 iron giants
  15 Tzitzimimeh
  6 Brimstone Fiends
  3 electric golems
  11 Ice Fiends
  27 tentacled monstrosities
  17 quicksilver dragons
  A shard shrike skeleton (Crypt:3)
  9 deep elf blademasters
  33 titans
  17 deep elf master archers
  11 Hell Sentinels
  22 liches
  19 sphinxes
  2 quicksilver dragons (shapeshifter)
  47 acid blobs
  5 tentacled starspawn
  A storm dragon (shapeshifter) (Zig:21)
  Polyphemus (Shoals:4)
  8 thorn hunters
  10 Executioners
  23 ancient champions
  14 shadow dragons
  A shadow dragon (shapeshifter) (Zig:10)
  Agnes (Snake:3)
  14 storm dragons
  9 draconian monks
  9 daevas
  Roxanne (Elf:2)
  16 tengu reavers
  Ilsuiw (Shoals:4)
  2 fire giants (shapeshifter)
  53 nagarajas
  17 azure jellies
  25 revenants
  Aizul (Shoals:3)
  32 fire giants
  9 orc warlords
  21 frost giants
  2 frost giants (shapeshifter) (Zig:21)
  9 draconian knights
  5 warmongers
  5 angels (Zig:20)
  The ghost of 4thArraOfDagon the Gelid, a journeyman DrFE of Vehumet (Elf:3)
  9 deep elf sorcerers
  23 balrugs
  19 vault wardens
  5 cacodemons
  6 draconian scorchers
  17 curse skulls
  4 draconian shifters (Zig:15)
  4 deep elf elementalists
  30 ghost moths
  3 draconian annihilators
  25 ironheart preservers
  7 iron dragons
  9 ghouls
  5 juggernaut zombies
  15 emperor scorpions
  4 draconian stormcallers
  The ghost of p0werm0de the Demolition Demonspawn, a journeyman DsFi of Makhleb (Snake:3)
  6 caustic shrike zombies
  10 war gargoyles
  18 reapers
  5 juggernaut skeletons
  A spectral caustic shrike (Zig:16)
  4 spriggan defenders
  24 deep elf demonologists
  A green draconian (Depths:5)
  5 ophanim (Zig:20)
  5 black draconians
  8 blood saints
  15 corrupters
  3 caustic shrike skeletons
  44 very ugly things
  28 entropy weavers
  44 stone giants
  2 stone giants (shapeshifter)
  A starcursed mass (Zig:17)
  11 apis (Zig:20)
  18 bennus
  5 purple draconians
  Nessos (D:13)
  3 lorocyprocas (Zig:17)
  21 vampire knights
  A dire elephant (shapeshifter) (Zig:27)
  19 deep elf annihilators
  21 black suns
  3 yellow draconians
  A spark wasp (shapeshifter) (Zig:27)
  17 spark wasps
  4 red draconians
  29 merfolk javelineers
  36 merfolk impalers
  19 deep elf death magi
  21 eidola
  4 crystal guardians (Depths:4)
  54 mummy priests
  23 blizzard demons
  22 yaktaur captains
  25 ettins
  22 fire dragons
  11 jiangshi
  42 green deaths
  13 death oozes
  4 quicksilver dragon zombies
  The ghost of Salmacis the Severer, a journeyman HOFi of Beogh (Orc:2)
  43 hydras
  16 ogre magi
  9 rakshasas
  24 naga warriors
  12 deep elf high priests
  23 great orbs of eyes
  32 vault guards
  33 ice dragons
  A monstrous demonspawn (Zig:11)
  A hydra (shapeshifter) (Zig:27)
  8 hell beasts
  A quicksilver dragon skeleton (Zig:16)
  5 catoblepae
  A juggernaut simulacrum (Zig:25)
  7 death knights
  12 spriggan air magi
  7 alligator snapping turtles
  24 anacondas
  11 deep troll shamans
  7 ghost crabs
  9 merfolk avatars
  35 two-headed ogres
  42 death scarabs
  44 merfolk aquamancers
  An anaconda (shapeshifter) (Zig:21)
  8 deep troll earth magi
  7 satyrs
  34 dancing weapons
  18 vampire magi
  4 two-headed ogres (shapeshifter)
  An alligator (shapeshifter) (Zig:27)
  14 centaur warriors
  6 thrashing horrors
  4 titan zombies
  11 alligators
  7 tengu warriors
  13 death yaks
  24 shock serpents
  44 naga sharpshooters
  10 spriggan berserkers
  Urug (D:13)
  15 orc high priests
  3 hell hogs (Zig:16)
  2 shock serpents (shapeshifter)
  2 iron golems
  7 sun demons
  8 soul eaters
  33 deep elf knights
  3 storm dragon zombies
  19 shadow wraiths
  A spectral elf (Zig:23)
  3 titan skeletons
  5 spriggans
  26 hell knights
  8 salamander mystics
  4 sixfirhies
  6 wretched stars
  A sea snake (shapeshifter) (Zig:22)
  6 iron trolls
  A fire crab (shapeshifter) (Zig:4)
  An iron troll (shapeshifter) (Zig:16)
  An entropy weaver zombie (Vaults:1)
  4 fire crabs (Zig:11)
  3 storm dragon skeletons
  3 spatial maelstroms
  7 cherubim
  9 glowing orange brains
  51 sea snakes
  2 spark wasp zombies
  37 deep trolls
  34 swamp dragons
  2 glowing orange brains (shapeshifter)
  8 spriggan druids
  A quicksilver dragon simulacrum (Zig:18)
  28 death drakes
  18 skeletal warriors
  11 golden dragon zombies
  11 naga ritualists
  2 swamp dragons (shapeshifter)
  6 tengu zombies
  16 flayed ghosts
  3 shadow demons
  2 unseen horrors
  27 shambling mangroves
  A spectral iron dragon (Zig:23)
  2 gelid demonspawn (Zig:17)
  2 golden dragon skeletons
  36 ironbrand convokers
  6 wizards
  Pikel (D:4)
  30 deep elf archers
  71 harpies
  An anaconda skeleton (Crypt:2)
  A lindwurm (shapeshifter) (Zig:27)
  5 shadow dragon zombies
  5 sphinx zombies
  2 iron dragon zombies
  A kraken simulacrum (Shoals:4)
  13 phantasmal warriors
  4 lindwurms (Snake:4)
  23 orc knights
  2 oklob plants (Zig:13)
  3 stone giant zombies
  10 shining eyes
  27 orb spiders
  121 deep elf magi
  3 harpies (shapeshifter)
  A mana viper (shapeshifter) (Zig:27)
  13 necromancers
  2 orb spiders (shapeshifter)
  A cyclops (shapeshifter) (Zig:10)
  16 fauns
  10 orc sorcerers
  58 ugly things
  2 manticores (shapeshifter)
  2 fauns (shapeshifter)
  29 wolf spiders
  48 manticores
  15 mana vipers
  2 sphinx skeletons
  A stone giant skeleton (Zig:8)
  8 salamanders
  4 shadow dragon skeletons
  3 iron dragon skeletons
  23 cyclopes
  3 tengu skeletons
  6 frost giant zombies
  A salamander (shapeshifter) (Vaults:1)
  20 moths of wrath
  2 moths of wrath (shapeshifter)
  4 spriggan zombies
  2 guardian serpents (shapeshifter)
  19 guardian serpents
  A frost giant skeleton (Zig:8)
  A water nymph (shapeshifter) (Zig:21)
  4 fire giant skeletons
  43 naga magi
  6 ice statues
  15 rust devils
  2 black mambas (shapeshifter)
  75 black mambas
  48 water nymphs
  34 merfolk sirens
  An eye of devastation (shapeshifter) (Zig:21)
  7 apocalypse crabs
  Psyche (D:11)
  14 smoke demons
  18 spiny frogs
  A titan simulacrum (Zig:25)
  22 elephants
  12 torpor snails
  10 eyes of devastation
  23 vault sentinels
  An orange demon (Zig:17)
  2 storm dragon simulacra
  2 torpor snails (shapeshifter)
  23 large abominations
  A yaktaur (shapeshifter) (Zig:22)
  A catoblepas zombie (Tomb:2)
  6 efreet
  13 hellions
  A dire elephant skeleton (Crypt:3)
  6 human zombies
  4 komodo dragons
  A gargoyle (D:15)
  21 rime drakes
  A redback zombie (D:15)
  21 tormentors
  45 yaktaurs
  30 ice devils
  2 anaconda simulacra (IceCv)
  28 freezing wraiths
  3 hellwings (Zig:22)
  23 demonic crawlers
  9 tengu conjurers
  96 guardian mummies
  4 elf skeletons
  A human skeleton (Vaults:4)
  A queen ant zombie (Crypt:3)
  6 ancient zymes
  A polar bear (shapeshifter) (Zig:27)
  2 meliai (shapeshifter) (Zig:21)
  4 red devils
  A death drake zombie (Crypt:3)
  28 jumping spiders
  A queen bee (Lair:3)
  12 trolls
  2 golden dragon simulacra
  5 spriggan skeletons
  A troll (shapeshifter) (Vaults:4)
  A tyrant leech (shapeshifter) (Zig:22)
  3 jumping spiders (shapeshifter)
  128 merfolk
  3 merfolk (shapeshifter)
  10 tyrant leeches
  28 wind drakes
  66 hornets
  A hydra skeleton (Crypt:3)
  2 blink frogs (shapeshifter)
  11 dream sheep
  A hornet (shapeshifter) (Vaults:4)
  9 raiju
  An ettin zombie (Crypt:3)
  20 blink frogs
  18 bog bodies
  145 slime creatures
  3 human simulacra
  2 stone giant simulacra
  A slime creature (shapeshifter) (Zig:4)
  38 snapping turtles
  14 hippogriffs
  2 fire giant simulacra
  A raiju (shapeshifter) (Zig:27)
  An iron dragon simulacrum (Zig:17)
  A meliai zombie (D:13)
  A redback (shapeshifter) (D:15)
  29 redbacks
  12 elf zombies
  An ettin skeleton (Crypt:3)
  45 ushabtiu
  4 wyverns
  26 tarantellas
  13 air elementals
  42 flying skulls
  14 wraiths
  2 dire elephant simulacra (IceCv)
  8 shadows
  2 fire dragon skeletons
  2 spriggans (shapeshifter)
  2 ynoxinuls
  2 yaks (shapeshifter)
  48 yaks
  14 humans (D:14)
  A human (shapeshifter) (Vaults:4)
  A steam dragon (Zig:2)
  5 basilisks
  17 fire elementals
  12 golden eyes
  A basilisk (shapeshifter) (Zig:21)
  4 neqoxecs
  47 water elementals
  A fire bat (shapeshifter) (Zig:27)
  7 hungry ghosts
  Eustachio (D:5)
  12 chaos spawn
  15 vampire mosquitoes
  2 swamp worms (shapeshifter)
  17 wargs
  A soldier ant (D:10)
  2 iron troll simulacra (IceCv)
  48 nagas
  A harpy simulacrum (IceCv)
  A soldier ant (shapeshifter) (Zig:27)
  2 acid dragons (Zig:2)
  13 water moccasins
  An ogre zombie (Vaults:1)
  9 insubstantial wisps
  3 floating eyes
  A hydra simulacrum (IceCv)
  8 porcupines
  15 hell hounds
  A floating eye (shapeshifter) (Depths:4)
  20 ice beasts
  A manticore zombie (Crypt:1)
  A sky beast (shapeshifter) (Depths:3)
  A hornet zombie (D:15)
  66 orc warriors
  16 eyes of draining
  A sky beast (D:12)
  11 small abominations
  An ogre skeleton (Vaults:1)
  3 black bears
  A lindwurm zombie (Crypt:2)
  21 swamp drakes
  An ettin simulacrum (IceCv)
  5 necrophages
  45 ogres
  4 phantoms
  2 boggarts
  10 wolves
  20 centaurs
  A lindwurm skeleton (Crypt:1)
  16 crocodiles
  Blork the orc (D:5)
  4 big kobolds
  An elf simulacrum (Zig:25)
  A big kobold (shapeshifter) (Zig:27)
  5 earth elementals
  10 bullfrogs
  A komodo dragon zombie (Crypt:3)
  An ogre simulacrum (Vaults:1)
  A water moccasin zombie (Crypt:1)
  2 wyvern skeletons
  4 scorpions
  44 killer bees
  19 wights
  2 howler monkeys
  5 electric eels
  A troll skeleton (Crypt:3)
  A bullfrog zombie (D:13)
  4 centaur zombies
  10 crimson imps
  12 hounds
  A demonspawn zombie (Crypt:3)
  4 jellies
  7 centaur skeletons
  A gnoll shaman (D:8)
  15 orc priests
  2 bullfrog skeletons
  15 iron imps
  26 orc wizards
  Terence (D:3)
  Jessica (D:3)
  4 iguanas
  A lightning spire (Zig:11)
  11 worker ants
  A worker ant (shapeshifter) (Zig:21)
  A deep dwarf skeleton (Crypt:1)
  A hound skeleton (D:11)
  102 mummies
  12 gnolls
  A worker ant zombie (Crypt:1)
  13 adders
  A river rat (Lair:3)
  4 shadow imps
  11 white imps
  An ooze (D:2)
  3 adder skeletons
  3 worms
  A worm (shapeshifter) (Depths:1)
  3 dart slugs (D:2)
  3 leopard geckos
  102 orcs
  7 bats
  8 giant cockroaches
  2 gnoll zombies (D:4)
  8 goblins
  8 hobgoblins
  4 jackals (D:4)
  25 kobolds
  4 quokkas
  2 frilled lizards
  A leopard gecko skeleton (Crypt:2)
  A quokka skeleton (D:6)
  7 rats
  A rat skeleton (Crypt:2)
  A rat zombie (Crypt:3)
  11 blocks of ice
  10 briar patches (Zig:14)
  11 crawling corpses
  141 fire vortices
  5 fungi
  4 lost souls (Zig:19)
  28 plants
  3 starspawn tentacles
6133 creatures vanquished.

Vanquished Creatures (collateral kills)
  A pandemonium lord (Zig:21)
  An ancient lich (Zig:21)
  A juggernaut (Zig:19)
  5 greater mummies
  A shard shrike (Zig:25)
  A Killer Klown (Zig:21)
  A profane servitor (Zig:23)
  A pearl dragon (Zig:20)
  A bone dragon (Zig:17)
  An iron giant (Zig:3)
  A tentacled monstrosity (Vaults:5)
  A quicksilver dragon (Vaults:5)
  2 liches
  2 tentacled starspawn
  3 acid blobs
  2 ancient champions (Crypt:3)
  An Executioner (Zig:11)
  2 sphinxes (Tomb:1)
  A tengu reaver (Zig:20)
  A storm dragon (Zig:14)
  A nagaraja (Zig:17)
  2 azure jellies (Zig:14)
  A fire giant (shapeshifter) (Zig:21)
  2 orc warlords (Zig:19)
  2 frost giants (Depths:4)
  2 iron dragons
  A ghoul (Crypt:3)
  A ghost moth (Zig:25)
  An angel (Zig:20)
  An ironheart preserver (Zig:21)
  A stone giant (shapeshifter) (Zig:16)
  A war gargoyle (Zig:22)
  An entropy weaver (Vaults:5)
  An ophan (Zig:20)
  A vampire knight (Crypt:3)
  A white draconian (Depths:5)
  2 mummy priests
  A fire dragon (Zig:11)
  A yaktaur captain (Vaults:5)
  A great orb of eyes (Depths:3)
  A hell beast (Zig:22)
  A naga warrior (Zig:18)
  An alligator snapping turtle (Zig:24)
  4 death scarabs
  A large abomination (Zig:17)
  A skeletal warrior (Tomb:2)
  A wretched star (Zig:15)
  A flayed ghost (Zig:18)
  A shadow wraith (Crypt:3)
  A deep troll (Depths:5)
  3 swamp dragons
  A spark wasp zombie (Zig:12)
  A deep troll (shapeshifter) (Depths:3)
  A naga ritualist (Zig:27)
  An orc knight (Zig:22)
  A golden dragon skeleton (Tomb:1)
  A phantasmal warrior (Crypt:1)
  An ugly thing (Depths:5)
  An iron dragon skeleton (Zig:18)
  A deep elf mage (Zig:21)
  A moth of wrath (Zig:25)
  A torpor snail (Zig:25)
  2 yaktaurs
  A demonic crawler (Zig:25)
  A freezing wraith (Zig:22)
  An ice devil (Zig:18)
  A merfolk (Zig:24)
  An ancient zyme (Zig:17)
  2 guardian mummies (Tomb:2)
  2 snapping turtles (Zig:24)
  4 slime creatures
  A tarantella (shapeshifter) (Zig:16)
  3 ushabtiu
  A tarantella (Zig:25)
  2 water elementals
  2 ynoxinuls
  A yak (D:9)
  A swamp dragon zombie (Tomb:3)
  An ogre (Zig:19)
  A small abomination (Zig:15)
  A swamp dragon simulacrum (Crypt:3)
  An orc wizard (Zig:19)
  16 mummies
  An orc (Vaults:5)
  A block of ice (Zig:21)
  2 crawling corpses
132 creatures vanquished.

Vanquished Creatures (others)
  A Tzitzimitl (Zig:17)
  A deep elf blademaster (Zig:21)
  2 eldritch tentacles
  A ghost moth (Zig:17)
  A spark wasp (Zig:14)
  A blizzard demon (Zig:17)
  3 skeletal warriors (Tomb:2)
  A deep elf mage (Zig:16)
  A spiny frog (Zig:23)
  A demonic crawler (Zig:25)
  2 insubstantial wisps (Zig:14)
  An ogre (Depths:2)
  An iguana (D:4)
  A mummy (Tomb:2)
  A leopard gecko (D:4)
  A kobold (D:11)
  A ball python skeleton (D:4)
  14 blocks of ice
  1660 fire vortices
  3 fungi
  2 lost souls (Zig:19)
  18 plants
  4 starspawn tentacles
1722 creatures vanquished.

Grand Total: 7987 creatures vanquished

Notes
Turn   | Place    | Note
-------+----------+-------------------------------------------
     0 | D:1      | 4thArraOfDagon the Mummy Fire Elementalist began the quest for the Orb.
     0 | D:1      | Reached XP level 1. HP: 13/13 MP: 4/4
    50 | D:1      | Reached skill level 1 in Conjurations
   226 | D:2      | Reached XP level 2. HP: 16/19 MP: 3/5
   250 | D:2      | Found a deep blue altar of Sif Muna.
   253 | D:2      | Became a worshipper of Sif Muna the Loreminder
  1084 | D:2      | Reached XP level 3. HP: 21/24 MP: 0/7
  1089 | D:2      | Learned a level 3 spell: Conjure Flame
  1869 | D:3      | Noticed Jessica
  1902 | D:3      | Killed Jessica
  1902 | D:3      | Reached * piety under Sif Muna
  1902 | D:3      | Reached XP level 4. HP: 30/30 MP: 5/9
  1911 | D:3      | Learned a level 4 spell: Sticky Flame
  1989 | D:3      | Noticed Terence
  2003 | D:3      | Killed Terence
  2041 | D:3      | :O
  2076 | D:3      | Reached XP level 5. HP: 35/35 MP: 7/10
  2361 | D:4      | Found a glowing silver altar of Zin.
  2363 | D:4      | Found a bloodstained altar of Trog.
  2363 | D:4      | Found a stormy altar of Qazlal.
  2365 | D:4      | Found an ornate altar of the Wu Jian Council.
  2365 | D:4      | Found a shimmering altar of Xom.
  2365 | D:4      | Found a shadowy altar of Dithmenos.
  2427 | D:4      | Reached skill level 1 in Invocations
  2534 | D:4      | Found a basalt altar of Yredelemnul.
  2566 | D:4      | Noticed Pikel
  2566 | D:4      | Noticed a slave
  2569 | D:4      | Noticed a slave
  2570 | D:4      | Noticed a slave
  2573 | D:4      | Noticed a slave
  2583 | D:4      | Killed Pikel
  2583 | D:4      | Reached ** piety under Sif Muna
  2583 | D:4      | Reached XP level 6. HP: 41/41 MP: 3/13
  2583 | D:4      | Reached XP level 7. HP: 46/46 MP: 3/14
  2598 | D:4      | Learned a level 5 spell: Fireball
  2670 | D:4      | Found a staircase to the Ecumenical Temple.
  2719 | D:4      | Found Qoejoo's Distillery.
  3128 | D:5      | Entered Level 5 of the Dungeon
  3131 | D:5      | Reached skill level 5 in Spellcasting
  3277 | D:5      | Noticed Blork the orc
  3289 | D:5      | Killed Blork the orc
  3314 | D:5      | Reached skill level 5 in Fire Magic
  3335 | D:5      | Noticed Eustachio
  3349 | D:5      | Killed Eustachio
  3349 | D:5      | Reached XP level 8. HP: 49/52 MP: 1/16
  3792 | D:6      | Found a shattered altar of Ashenzari.
  3870 | D:6      | Reached skill level 5 in Conjurations
  3962 | D:6      | Reached *** piety under Sif Muna
  3976 | D:6      | Found a radiant altar of Vehumet.
  4193 | D:6      | Found Ynkuli's Assorted Antiques.
  4590 | D:6      | Bought a knobbly jewelled staff for 336 gold pieces
  4631 | D:7      | Reached XP level 9. HP: 57/57 MP: 9/18
  4971 | D:7      | Found a stormy altar of Qazlal.
  4981 | D:7      | Found Vucrucij's Jewellery Shoppe.
  5080 | D:7      | Found an ancient bone altar of Kikubaaqudgha.
  5361 | D:8      | Found a burning altar of Makhleb.
  5367 | D:8      | Found a sparkling altar of Nemelex Xobeh.
  5367 | D:8      | Found a shadowy altar of Dithmenos.
  5402 | D:8      | Found a hide-covered altar of Uskayaw.
  5484 | D:8      | Noticed a two-headed ogre
  5818 | D:8      | Noticed a two-headed ogre
  5831 | D:8      | Killed a two-headed ogre
  5831 | D:8      | Reached **** piety under Sif Muna
  5831 | D:8      | Reached skill level 5 in Invocations
  5912 | D:8      | Found a snail-covered altar of Cheibriados.
  6114 | D:8      | Killed a two-headed ogre
  6114 | D:8      | Reached skill level 1 in Fighting
  6114 | D:8      | Reached XP level 10. HP: 45/65 MP: 14/21
  6250 | D:8      | Reached skill level 1 in Armour
  6813 | D:10     | Entered Level 10 of the Dungeon
  6910 | D:10     | Reached XP level 11. HP: 74/75 MP: 9/23
  7037 | D:10     | Found a staircase to the Lair.
  7113 | D:10     | Found a staircase to the Orcish Mines.
  7392 | D:11     | Noticed a red ugly thing
  7439 | D:11     | Learned a level 7 spell: Orb of Destruction
  7473 | D:11     | Noticed Psyche
  7478 | D:11     | Killed Psyche
  7487 | D:11     | Killed a red ugly thing
  7637 | D:11     | Noticed a green ugly thing
  7644 | D:11     | Killed a green ugly thing
  7695 | D:11     | Found an opulent altar of Gozag.
  7755 | D:12     | Noticed a cyan ugly thing
  7761 | D:12     | Noticed a six-headed hydra
  7761 | D:12     | Killed a cyan ugly thing
  7866 | D:12     | Noticed a purple ugly thing
  7871 | D:12     | Killed a purple ugly thing
  7894 | D:12     | Noticed a deep elf mage
  7897 | D:12     | Killed a deep elf mage
  7915 | D:12     | Found a runed door.
  8072 | D:12     | Reached ***** piety under Sif Muna
  8072 | D:12     | Received a gift from Sif Muna
  8072 | D:12     | Reached XP level 12. HP: 76/81 MP: 7/25
  8081 | D:12     | Learned a level 6 spell: Bolt of Fire
  8240 | D:12     | Reached skill level 10 in Spellcasting
  8389 | D:12     | Killed a six-headed hydra
  8518 | D:12     | Reached skill level 5 in Dodging
  8524 | D:12     | Noticed a tengu warrior
  8526 | D:12     | Noticed a storm dragon
  8526 | D:12     | Reached skill level 10 in Conjurations
  8530 | D:12     | Killed a tengu warrior
  8744 | D:13     | Noticed Nessos
  8861 | D:15     | Entered Level 15 of the Dungeon
  8908 | D:15     | Noticed a two-headed ogre
  8909 | D:15     | Noticed a two-headed ogre
  8910 | D:15     | Killed a two-headed ogre
  8913 | D:15     | Noticed an ogre mage
  8922 | D:15     | Killed a two-headed ogre
  8929 | D:15     | Killed an ogre mage
  8944 | D:15     | Noticed a centaur warrior
  9044 | D:15     | Noticed a centaur warrior
  9053 | D:15     | Killed a centaur warrior
  9053 | D:15     | Gained mutation: You are in touch with the powers of death. [Mummy growth]
  9053 | D:15     | Reached XP level 13. HP: 67/86 MP: 22/28
  9117 | D:15     | Noticed an ettin
  9125 | D:15     | Killed an ettin
  9219 | D:15     | Got an ivory lajatang {flame}
  9224 | D:15     | Identified the +5 lajatang of the Lamprey {flame, Str+3} (You took it off a centaur on level 15 of the Dungeon)
  9374 | D:14     | p0werm0de: wow
  9386 | D:14     | p0werm0de: nib just made a 210k turns spriggan run
  9386 | D:14     | p0werm0de: !lg nib
  9389 | D:14     | XtahuaRules: 854. Nib the Farming Ninja (L27 SpEn of Dithmenos), escaped with the Orb and 15 runes on 2018-05-07 12:46:22, with 8192791 points after 213366 turns and 21:16:50.
  9414 | D:15     | Found Puss's Food Shop.
  9505 | D:15     | 4thArraOfDagon: wow
  9506 | D:15     | Found a sparkling altar of Nemelex Xobeh.
  9634 | D:15     | vatarom: lool this mummy nigga is killing 😂😂😂😂😂😂😂😂😂😂😂
  9950 | D:14     | Reached XP level 14. HP: 93/93 MP: 12/30
  9958 | D:14     | Paralysed by a human for 6 turns
  9986 | D:14     | Found a gate to the Vaults.
 10186 | D:13     | Noticed Urug
 10194 | D:13     | Killed Urug
 10242 | D:13     | Killed Nessos
 10341 | D:12     | WHY
 10423 | Orc:1    | Entered Level 1 of the Orcish Mines
 10589 | Orc:2    | Entered Level 2 of the Orcish Mines
 10620 | Orc:2    | Found a staircase to the Elven Halls.
 11047 | Orc:2    | Noticed an orc warlord
 11061 | Orc:2    | Nib: i'm gonna start Mummy and I need tips! you guys can help me with any?
 11098 | Orc:2    | Killed an orc warlord
 11117 | Orc:2    | Reached skill level 10 in Invocations
 11133 | Orc:2    | Noticed Salmacis's ghost (journeyman HOFi)
 11134 | Orc:2    | 4thArraOfDagon: !lg Salmacis hofi place=orc -log
 11134 | Orc:2    | XtahuaRules: 1. Salmacis, XL11 HOFi, T:9831: https://crawl.xtahua.com/crawl/morgue/Salmacis/morgue-Salmacis-20180507-111815.txt
 11150 | Orc:2    | Killed Salmacis's ghost
 11416 | Orc:2    | Found Daoff's Antique Armour Shop.
 11422 | Orc:2    | Found Ramm's Antique Weapon Shop.
 11424 | Orc:2    | Found Kiheluf's General Store.
 11424 | Orc:2    | Found Zynetiug's Jewellery Boutique.
 11430 | Orc:2    | Bought the +1 pair of gloves of Refuge {Int+4} for 423 gold pieces
 11599 | Elf:1    | Entered Level 1 of the Elven Halls
 12140 | Elf:1    | Nib: &dump $p
 12141 | Elf:1    | XtahuaRules: http://CRAWL.XTAHUA.COM/crawl/morgue/4thArraOfDagon/4thArraOfDagon.txt
 12209 | Elf:2    | Reached XP level 15. HP: 98/98 MP: 13/32
 12381 | Elf:1    | Reached skill level 10 in Fire Magic
 12494 | Elf:3    | Entered Level 3 of the Elven Halls
 12494 | Elf:3    | Noticed 4thArraOfDagon's ghost (journeyman DrFE)
 12687 | Elf:2    | Noticed a deep elf sorcerer
 12693 | Elf:2    | Killed a deep elf sorcerer
 12753 | Elf:2    | Identified the Disquisition on Creative Attacks
 12881 | Elf:2    | Received a gift from Sif Muna
 12893 | Elf:2    | Found Gysch's Assorted Antiques.
 12913 | Elf:2    | Bought a wand of clouds (6) for 324 gold pieces
 13252 | Elf:3    | Killed 4thArraOfDagon's ghost
 13607 | Elf:3    | Found Pokk's Jewellery Emporium.
 13826 | Elf:3    | Noticed a deep elf sorcerer
 13828 | Elf:3    | Killed a deep elf sorcerer
 13883 | Elf:3    | Noticed a deep elf master archer
 13896 | Elf:3    | Killed a deep elf master archer
 13896 | Elf:3    | Reached skill level 15 in Spellcasting
 13896 | Elf:3    | Reached XP level 16. HP: 92/104 MP: 12/35
 13958 | Elf:3    | Identified Sif Muna's Papyrus of Warped Feathers (Sif Muna gifted it to you on level 3 of the Elven Halls)
 13958 | Elf:3    | Received a gift from Sif Muna
 14057 | Elf:3    | Reached skill level 15 in Conjurations
 14081 | Elf:3    | Noticed a deep elf master archer
 14081 | Elf:3    | uhh
 14101 | Elf:3    | Killed a deep elf master archer
 14171 | Elf:3    | resists uhh
 14185 | Elf:3    | Got a crystal quarterstaff {crush}
 14271 | Elf:3    | Noticed a deep elf blademaster
 14280 | Elf:3    | Killed a deep elf blademaster
 14382 | Elf:3    | Noticed a deep elf blademaster
 14385 | Elf:3    | Killed a deep elf blademaster
 14456 | Elf:3    | p0werm0de: any good stuff already?
 14475 | Elf:3    | 4thArraOfDagon: no, just regular junk
 14480 | Elf:3    | p0werm0de: kkk gl
 14509 | Elf:3    | Found the +8 mithril axe "Arga" {speed, MR+}
 14510 | Elf:3    | Found the +6 lightning scales {run, rElec}
 14516 | Elf:3    | p0werm0de: vamp lajatang?
 14525 | Elf:3    | Got a steaming war axe
 14526 | Elf:3    | p0werm0de: arga !
 14535 | Elf:3    | p0werm0de: oO
 14535 | Elf:3    | p0werm0de: ;D
 14537 | Elf:3    | Got an ancient great mace
 14566 | Elf:3    | Got a slimy great mace {protect}
 14594 | Elf:3    | Identified the Papyrus of Nocuous Companions
 14667 | Elf:3    | Identified the +10 war axe "Niod" {freeze, Int+4} (You found it on level 3 of the Elven Halls)
 14668 | Elf:3    | Identified the +10 great mace of Qyv Taerch {venom, +Inv Dex+4} (You found it on level 3 of the Elven Halls)
 14671 | Elf:3    | Identified the cursed +0 quarterstaff "Vodaink" {crush, rF+ rN+} (You took it off a deep elf annihilator on level 3 of the Elven Halls)
 14673 | Elf:3    | Identified the +5 great mace "Zoergh" {protect, rElec Dex+4} (You took it off a deep elf sorcerer on level 3 of the Elven Halls)
 14719 | Elf:3    | Learned a level 8 spell: Ignition
 14816 | Elf:2    | Noticed Roxanne
 14835 | Elf:2    | Found a huge runed gate.
 14835 | Elf:2    | Found a huge runed gate.
 14835 | Elf:2    | Found a huge runed gate.
 14952 | Elf:2    | Killed Roxanne
 15506 | Lair:1   | Entered Level 1 of the Lair of Beasts
 15621 | Lair:2   | Found a staircase to the Snake Pit.
 15883 | Lair:3   | Identified Befotuho's Catalogue of Darkness (Sif Muna gifted it to you on level 3 of the Lair of Beasts)
 15883 | Lair:3   | Received a gift from Sif Muna
 16000 | Lair:3   | Reached XP level 17. HP: 109/109 MP: 19/36
 16468 | Lair:4   | Found a staircase to the Shoals.
 16594 | Lair:5   | Identified the Incunabulum of Scorching Boosts
 16688 | Lair:6   | Entered Level 6 of the Lair of Beasts
 16777 | Lair:6   | Identified Sif Muna's Catalogue of Earthen Bewitchment (Sif Muna gifted it to you on level 6 of the Lair of Beasts)
 16777 | Lair:6   | Received a gift from Sif Muna
 17090 | Lair:6   | Found a staircase to the Slime Pits.
 17589 | Shoals:1 | Entered Level 1 of the Shoals
 17610 | Shoals:1 | Found Qedau's Assorted Antiques.
 17627 | Shoals:1 | Bought a brightly glowing shield for 323 gold pieces
 17627 | Shoals:1 | Identified the +4 shield of Cloud Cover {Stlth+} (You bought it in a shop on level 1 of the Shoals)
 17873 | Shoals:1 | Received a gift from Sif Muna
 18356 | Shoals:2 | Reached XP level 18. HP: 83/115 MP: 38/38
 18755 | Shoals:3 | Noticed Aizul
 18763 | Shoals:3 | Killed Aizul
 19038 | Shoals:4 | Entered Level 4 of the Shoals
 19120 | Shoals:4 | Found a frozen archway.
 19129 | IceCv    | Entered an ice cave
 19137 | IceCv    | Identified Sif Muna's Incunabulum of Aerial Ignition (Sif Muna gifted it to you in an ice cave)
 19137 | IceCv    | Received a gift from Sif Muna
 19174 | IceCv    | Learned a level 9 spell: Fire Storm
 19488 | Shoals:4 | Got a barnacled rune of Zot
 19601 | Shoals:4 | Noticed Polyphemus
 19607 | Shoals:4 | Killed Polyphemus
 19607 | Shoals:4 | Reached skill level 15 in Fire Magic
 19663 | Shoals:4 | Noticed Nikola
 19670 | Shoals:4 | Killed Nikola
 19702 | Shoals:4 | Noticed Ilsuiw
 19707 | Shoals:4 | Killed Ilsuiw
 19734 | Shoals:4 | Reached XP level 19. HP: 120/121 MP: 35/40
 19882 | Shoals:4 | Identified Aprobise's Almanac of the Blistering Birds
 20057 | Snake:1  | Entered Level 1 of the Snake Pit
 20167 | Snake:1  | Found a shattered altar of Ashenzari.
 20544 | Snake:3  | Noticed p0werm0de's ghost (journeyman DsFi)
 20549 | Snake:2  | 4thArraOfDagon: !lg p0wermode dsfi place=snake -log
 20549 | Snake:2  | XtahuaRules: No games for p0wermode (dsfi place=snake).
 20549 | Snake:2  | 4thArraOfDagon: !lg p0wermode dsfi place=snakes -log
 20549 | Snake:2  | XtahuaRules: No games for p0wermode (dsfi place=snakes).
 20549 | Snake:2  | 4thArraOfDagon: !lg p0wermode dsfi place=snake_pit -log
 20549 | Snake:2  | XtahuaRules: No games for p0wermode (dsfi place=snake_pit).
 20549 | Snake:2  | 4thArraOfDagon: !lg p0wermode dsfi -log
 20549 | Snake:2  | XtahuaRules: No games for p0wermode (dsfi).
 20549 | Snake:2  | 4thArraOfDagon: !lg p0werm0de dsfi place=snake -log
 20549 | Snake:2  | XtahuaRules: 2. p0werm0de, XL14 DsFi, T:17207: https://crawl.xtahua.com/crawl/morgue/p0werm0de/morgue-p0werm0de-20180507-093951.txt
 21154 | Snake:3  | Killed p0werm0de's ghost
 21155 | Snake:3  | rip bud
 21252 | Snake:3  | Noticed Agnes
 21264 | Snake:3  | Killed Agnes
 21325 | Snake:4  | Entered Level 4 of the Snake Pit
 21561 | Snake:4  | Found Pieprujo's Jewellery Boutique.
 21561 | Snake:4  | Found Yzxoticy's Gadget Emporium.
 21562 | Snake:4  | Found Muetacw's Jewellery Boutique.
 21664 | Snake:4  | Received a gift from Sif Muna
 21851 | Snake:4  | Reached XP level 20. HP: 114/127 MP: 4/42
 21945 | Snake:4  | Got a serpentine rune of Zot
 21963 | Snake:4  | Identified the +1 pair of boots "Kohoh" {Stlth+} (You found it on level 4 of the Snake Pit)
 22423 | Vaults:1 | Entered Level 1 of the Vaults
 22482 | Vaults:1 | Found Giril's Jewellery Shop.
 22492 | Vaults:1 | Bought an uncursed amulet of magic regeneration for 480 gold pieces
 22680 | Vaults:1 | Found Diepsul's Gadget Emporium.
 22926 | Vaults:1 | Identified Sif Muna's Reference Book on Earthen Shape Shifting (Sif Muna gifted it to you on level 1 of the Vaults)
 22926 | Vaults:1 | Received a gift from Sif Muna
 22994 | Vaults:1 | Found Wuunyihi's Jewellery Shop.
 23006 | Vaults:1 | Bought a cursed ring of teleportation for 81 gold pieces
 23084 | Vaults:1 | Found Ruuryibb's Jewellery Shop.
 23098 | Vaults:1 | so many useless shop
 23099 | Vaults:1 | Bought an uncursed ring of wizardry for 630 gold pieces
 23152 | Vaults:1 | Found Uduhyfy's Armour Boutique.
 24162 | Vaults:3 | Identified Fafarr's Guide on Creative Curses (Sif Muna gifted it to you on level 3 of the Vaults)
 24162 | Vaults:3 | Received a gift from Sif Muna
 24238 | Vaults:3 | Found a staircase to the Crypt.
 24250 | Vaults:3 | Reached XP level 21. HP: 132/132 MP: 11/44
 24953 | Vaults:4 | Identified the +3 scale mail "Sief" {rElec rF- Stlth+} (You found it on level 4 of the Vaults)
 24960 | Vaults:4 | Identified the +5 scythe "Arhymyer" {slice, rPois Str+4 Dex-4 Stlth+} (You found it on level 4 of the Vaults)
 25089 | Vaults:3 | Noticed Boris
 25301 | Vaults:4 | Identified Sif Muna's Tome of the Hurtful Voyage (Sif Muna gifted it to you on level 4 of the Vaults)
 25301 | Vaults:4 | Received a gift from Sif Muna
 25315 | Vaults:4 | Learned a level 1 spell: Apportation
 25540 | Vaults:4 | Found Toptej's Magic Scroll Shop.
 25548 | Vaults:4 | Bought a scroll of teleportation for 66 gold pieces
 25548 | Vaults:4 | Bought a scroll of teleportation for 66 gold pieces
 25548 | Vaults:4 | Bought a scroll of acquirement for 1144 gold pieces
 25548 | Vaults:4 | Bought a scroll of identify for 44 gold pieces
 25811 | Vaults:3 | Noticed Sojobo
 25817 | Vaults:3 | Killed Sojobo
 25984 | Vaults:3 | Reached XP level 22. HP: 138/138 MP: 12/46
 26106 | Vaults:3 | Found a sparkling altar of Nemelex Xobeh.
 26436 | D:15     | Found a staircase to the Depths.
 26442 | Depths:1 | Entered Level 1 of the Depths
 26498 | Depths:1 | Noticed a juggernaut
 26504 | Depths:1 | Killed a juggernaut
 26519 | Depths:1 | Found a gateway to Hell.
 26694 | Depths:1 | Identified Sif Muna's Almanac of the Ensnaring Rocks (Sif Muna gifted it to you on level 1 of the Depths)
 26694 | Depths:1 | Received a gift from Sif Muna
 26709 | Depths:1 | Paralysed by a sphinx for 4 turns
 26786 | Depths:1 | Found a glowing golden altar of the Shining One.
 27676 | Depths:2 | Found a one-way gate to the infinite horrors of the Abyss.
 27750 | Depths:2 | Found a runed gate.
 27750 | Depths:2 | Found a runed gate.
 27750 | Depths:2 | Found a runed gate.
 27750 | Depths:2 | Found a runed gate.
 27750 | Depths:2 | Found a runed gate.
 27750 | Depths:2 | Found a runed gate.
 27751 | Depths:2 | Found the +2 Maxwell's thermic engine {flame, freeze, rF- rC-}
 27881 | Depths:3 | Noticed a golden dragon
 27897 | Depths:3 | Killed a golden dragon
 27914 | Depths:3 | Identified Sif Muna's Disquisition on the Boosting Entourage (Sif Muna gifted it to you on level 3 of the Depths)
 27914 | Depths:3 | Received a gift from Sif Muna
 28021 | Depths:3 | Found a one-way gate leading to the halls of Pandemonium.
 28219 | Depths:4 | Reached XP level 23. HP: 143/143 MP: 48/48
 28841 | Depths:4 | Identified the +2 ring mail of the Swamp {+Blink rCorr Str-4 SInv} (You found it on level 4 of the Depths)
 29027 | Depths:4 | Received a gift from Sif Muna
 29534 | Depths:5 | Entered Level 5 of the Depths
 29617 | Depths:5 | Noticed a juggernaut
 29618 | Depths:5 | Killed a juggernaut
 29618 | Depths:5 | Reached XP level 24. HP: 137/150 MP: 46/51
 29897 | Depths:5 | Received a gift from Sif Muna
 29916 | Depths:5 | Found a bloodstained altar of Trog.
 29972 | Depths:5 | Found a gateway to a ziggurat.
 30152 | Depths:3 | Learned a level 8 spell: Controlled Blink
 30155 | Depths:3 | Learned a level 2 spell: Blink
 30165 | Depths:3 | Learned a level 9 spell: Glaciate
 30209 | Depths:3 | Found a white marble altar of Elyvilon.
 30210 | Depths:3 | Found an ornate altar of the Wu Jian Council.
 30210 | Depths:3 | Found an iron altar of Okawaru.
 30230 | Depths:3 | Learned a level 4 spell: Passage of Golubria
 30236 | Depths:3 | Learned a level 5 spell: Lee's Rapid Deconstruction
 30449 | Depths:3 | DogShitOnMyToe: vaj is a quitted
 30459 | Depths:3 | DogShitOnMyToe: and quitters never win
 30542 | Depths:3 | Vajrapani: :p
 30636 | Depths:3 | DogShitOnMyToe: what happened had to tab to get something in class done
 30763 | Depths:3 | Reached skill level 1 in Translocations
 30767 | Depths:3 | Vajrapani: oh, had to do some work on the crawl fork
 30772 | Depths:3 | Noticed a juggernaut
 30776 | Depths:3 | Killed a juggernaut
 30791 | Depths:3 | Identified the ring "Hadomih" {*Tele rC+ Int+2} (You found it on level 3 of the Depths)
 30814 | Depths:3 | Identified the +4 ring mail of the Unbroken {Str+8} (You found it on level 3 of the Depths)
 30831 | Depths:3 | Got a topaz-encrusted plate armour
 30842 | Depths:3 | Identified the +13 plate armour "Diuloruc" {rCorr MP+9 Int+2 Stlth-} (You found it on level 3 of the Depths)
 31072 | Depths:2 | Reached skill level 5 in Translocations
 31503 | Slime:1  | Entered Level 1 of the Pits of Slime
 31560 | Slime:2  | Reached XP level 25. HP: 137/155 MP: 45/53
 31838 | Slime:5  | Entered Level 5 of the Pits of Slime
 32099 | Slime:5  | Noticed the Royal Jelly
 32102 | Slime:5  | Killed the Royal Jelly
 32139 | Slime:5  | Got a heavy robe
 32147 | Slime:5  | Got a faintly humming ring mail
 32161 | Slime:5  | Got a smoking plate armour
 32162 | Slime:5  | Identified the Catalogue of Protection and Transformation
 32183 | Slime:5  | Identified the Volume of the Assistive Birds
 32191 | Slime:5  | Got a shimmering golden ring
 32192 | Slime:5  | Identified the ring "Uhokhuro" {Dex+2 Slay+4} (You found it on level 5 of the Pits of Slime)
 32203 | Slime:5  | Identified the cursed +0 helmet of Hangman {+Fly Int+6 Dex-3} (You found it on level 5 of the Pits of Slime)
 32206 | Slime:5  | Got a slimy rune of Zot
 32208 | Slime:5  | Got a scintillating tin ring
 32220 | Slime:5  | Identified the ring of Piceowu {rElec rF+ rC+ rN+} (You found it on level 5 of the Pits of Slime)
 32222 | Slime:5  | Thaneod: ni hao pengyou!
 32227 | Slime:5  | Got a warped flail
 32230 | Slime:5  | Identified the +7 flail "Ciucs" {freeze, rElec} (You found it on level 5 of the Pits of Slime)
 32269 | Slime:5  | Identified the +4 ring mail of Xes Dich {rN+++ Str+5 Dex-3 Stlth-} (You found it on level 5 of the Pits of Slime)
 32279 | Slime:5  | Identified the +1 robe "Qeotao" {*Contam Str+7} (You found it on level 5 of the Pits of Slime)
 32289 | Slime:5  | Identified the cursed +1 plate armour "Mozogg" {rN+ MR+ Str+4} (You found it on level 5 of the Pits of Slime)
 32898 | Depths:5 | Found a gate to the Realm of Zot.
 32933 | Zig:1    | Entered Level 1 of a ziggurat
 32951 | Zig:2    | Entered Level 2 of a ziggurat
 32966 | Zig:2    | Identified the Disquisition on the Evil Blaze
 32972 | Zig:3    | Entered Level 3 of a ziggurat
 32997 | Zig:4    | Entered Level 4 of a ziggurat
 33025 | Zig:5    | Entered Level 5 of a ziggurat
 33036 | Zig:5    | Identified Sif Muna's Grimoire of Contamination and the Volcanoes (Sif Muna gifted it to you on level 5 of a ziggurat)
 33036 | Zig:5    | Received a gift from Sif Muna
 33036 | Zig:5    | Reached skill level 10 in Translocations
 33057 | Zig:5    | Got a warped glass ring
 33058 | Zig:5    | Identified the Collected Works on the Cankerous Compass
 33061 | Zig:5    | Identified Palem's Guide on the Shifting Arsonist
 33069 | Zig:5    | Identified the ring of Orthodoxy {rCorr MR++ Str+3} (You found it on level 5 of a ziggurat)
 33080 | Zig:6    | Entered Level 6 of a ziggurat
 33087 | Zig:6    | Noticed an ancient lich
 33090 | Zig:6    | Killed an ancient lich
 33104 | Zig:6    | Identified the Tome of the Unholy Snowflakes
 33129 | Zig:7    | Entered Level 7 of a ziggurat
 33132 | Zig:7    | Noticed a greater mummy
 33136 | Zig:7    | Killed a greater mummy
 33137 | Zig:7    | Noticed a greater mummy
 33145 | Zig:7    | Killed a greater mummy
 33160 | Zig:7    | Identified the Compendium of the Destructive Arsonist
 33163 | Zig:7    | Got a heavily runed lead ring
 33165 | Zig:7    | Identified the +11 plate armour of the Vacuum {rCorr Dex+2} (You found it on level 7 of a ziggurat)
 33167 | Zig:7    | Identified the ring "Cyitargh" {rPois MP+9} (You found it on level 7 of a ziggurat)
 33230 | Zig:8    | Entered Level 8 of a ziggurat
 33298 | Zig:9    | Entered Level 9 of a ziggurat
 33304 | Zig:9    | Noticed a greater mummy
 33306 | Zig:9    | Noticed a greater mummy
 33307 | Zig:9    | Killed a greater mummy
 33308 | Zig:9    | Killed a greater mummy
 33352 | Zig:10   | Entered Level 10 of a ziggurat
 33358 | Zig:10   | Noticed a juggernaut
 33362 | Zig:10   | Killed a juggernaut
 33362 | Zig:10   | Gained mutation: You are strongly in touch with the powers of death. [Mummy growth]
 33362 | Zig:10   | Reached XP level 26. HP: 161/161 MP: 42/53
 33411 | Zig:10   | Learned a level 5 spell: Aura of Abjuration
 33413 | Zig:11   | Entered Level 11 of a ziggurat
 33429 | Zig:11   | Killed Yveniucu the pandemonium lord
 33429 | Zig:11   | Received a gift from Sif Muna
 33480 | Zig:12   | Entered Level 12 of a ziggurat
 33487 | Zig:12   | Noticed a greater mummy
 33491 | Zig:12   | Killed a greater mummy
 33492 | Zig:12   | Noticed a greater mummy
 33493 | Zig:12   | Killed a greater mummy
 33496 | Zig:12   | Noticed a greater mummy
 33502 | Zig:12   | Killed a greater mummy
 33604 | Zig:13   | Entered Level 13 of a ziggurat
 33637 | Zig:13   | Identified the +1 large shield "Ybluhuptist" {*Slow rN+ Slay+2} (You took it off a daeva on level 13 of a ziggurat)
 33670 | Zig:14   | Entered Level 14 of a ziggurat
 33684 | Zig:14   | Identified Sif Muna's Tome of Supportive Translocation (Sif Muna gifted it to you on level 14 of a ziggurat)
 33684 | Zig:14   | Received a gift from Sif Muna
 33684 | Zig:14   | Reached skill level 1 in Ice Magic
 33697 | Zig:14   | Found the +5 demon whip "Spellbinder" {antimagic, MR+}
 33716 | Zig:14   | Identified the +5 scale mail of the Monkey's Uncle {rN+ Str+5} (You found it on level 14 of a ziggurat)
 33719 | Zig:14   | Identified Sif Muna's Reference Book on the Traveller and Malediction
 33746 | Zig:15   | Entered Level 15 of a ziggurat
 33771 | Zig:15   | Reached skill level 5 in Ice Magic
 33807 | Zig:15   | Got a warped troll leather armour
 33814 | Zig:15   | Identified the Almanac of Enchantment
 33835 | Zig:15   | Identified the cursed +0 troll leather armour of Shadows and Fog {Regen+ rCorr Slay+3 Stlth+} (You found it on level 15 of a ziggurat)
 33848 | Zig:16   | Entered Level 16 of a ziggurat
 33859 | Zig:16   | Reached skill level 15 in Invocations
 33864 | Zig:16   | Identified Sif Muna's Catalogue of Dusty Creation (Sif Muna gifted it to you on level 16 of a ziggurat)
 33864 | Zig:16   | Received a gift from Sif Muna
 33864 | Zig:16   | Reached XP level 27. HP: 166/166 MP: 27/53
 33878 | Zig:16   | Got a crude platinum amulet
 33890 | Zig:16   | Got a pitted executioner's axe
 33923 | Zig:17   | Entered Level 17 of a ziggurat
 33980 | Zig:17   | Found the +3 giant club "Skullcrusher" {speed, Str+7}
 33987 | Zig:17   | Identified the Grimoire of Heat
 33990 | Zig:17   | Got a bound bone ring
 33999 | Zig:17   | Got an ominously black robe
 34002 | Zig:17   | Identified the amulet "Tuukuridi" {Gourm rC- rN+ Str+4 Dex+4} (You found it on level 16 of a ziggurat)
 34004 | Zig:17   | Identified the +7 executioner's axe of Exhibitionism {freeze, *Contam Str+7} (You found it on level 16 of a ziggurat)
 34020 | Zig:17   | Identified the +0 robe "Yseicom" {rN+ Dex+3} (You found it on level 17 of a ziggurat)
 34032 | Zig:17   | Identified the ring of Poveupohay {*Tele rElec rF- rC+ Str+2 Dex+5} (You found it on level 17 of a ziggurat)
 34073 | Zig:18   | Entered Level 18 of a ziggurat
 34108 | Zig:18   | Reached skill level 10 in Ice Magic
 34145 | Zig:18   | Got an ancient lead ring
 34152 | Zig:18   | Identified the Handbook of the Shifting Traveller
 34174 | Zig:18   | Got a fine plate armour
 34181 | Zig:18   | Identified the ring "Xitirorr" {Fire rPois Int+3 Dex+3} (You found it on level 18 of a ziggurat)
 34196 | Zig:19   | Entered Level 19 of a ziggurat
 34210 | Zig:19   | Identified Sif Muna's Compendium of Greatest Risks and Utility (Sif Muna gifted it to you on level 19 of a ziggurat)
 34210 | Zig:19   | Received a gift from Sif Muna
 34237 | Zig:19   | Found the +8 storm bow {elec}
 34260 | Zig:19   | Got a slimy helmet
 34264 | Zig:19   | Identified the Handbook of the Blaze
 34320 | Zig:20   | Entered Level 20 of a ziggurat
 34338 | Zig:20   | Reached skill level 1 in Summonings
 34379 | Zig:20   | Got an ancient large shield
 34403 | Zig:20   | Identified the +2 helmet "Lytryliw" {rElec rF- MR+++ Regen+} (You found it on level 19 of a ziggurat)
 34414 | Zig:20   | Got a pair of steaming boots
 34425 | Zig:20   | Identified the cursed -4 pair of boots of Evolution {rN++ Dex+2} (You found it on level 20 of a ziggurat)
 34438 | Zig:20   | Got a pitted platinum ring
 34440 | Zig:20   | Identified the ring of Levvu {+Fly rElec MR- Str+10 Int-5} (You found it on level 20 of a ziggurat)
 34448 | Zig:20   | Got a smoking jade amulet
 34449 | Zig:20   | Identified the amulet of Cud Wogg {Reflect rF- Slay+5 SH+2} (You found it on level 20 of a ziggurat)
 34476 | Zig:21   | Entered Level 21 of a ziggurat
 34490 | Zig:21   | Reached skill level 5 in Summonings
 34498 | Zig:21   | Identified Sif Muna's Reference Book on Summoning (Sif Muna gifted it to you on level 21 of a ziggurat)
 34498 | Zig:21   | Received a gift from Sif Muna
 34522 | Zig:21   | Found the brooch of Shielding {Reflect SH+8}
 34534 | Zig:21   | Identified the Papyrus of the Escort
 34541 | Zig:21   | Identified the Guide on Shifting Enchantment
 34543 | Zig:21   | Identified the Grimoire of Supportive Curses
 34553 | Zig:21   | Got an ichor-stained leather armour
 34564 | Zig:21   | Identified the +1 leather armour of the Heavens {rF- Int+3} (You found it on level 21 of a ziggurat)
 34574 | Zig:21   | Identified the +3 plate armour "Wouh Nob" {rElec rF+ Str+3 Dex-5} (You found it on level 18 of a ziggurat)
 34609 | Zig:22   | Entered Level 22 of a ziggurat
 34646 | Zig:22   | HP: 1/171 [disintegration (13)]
 34651 | Zig:22   | Found the +9 sword of Zonguldrok {reap}
 34652 | Zig:22   | Got a pitted lead amulet
 34658 | Depths:5 | Identified the amulet of Leczimikk {Gourm rF++ rC- rN+ Int+6} (You found it on level 22 of a ziggurat)
 35297 | Vaults:5 | Entered Level 5 of the Vaults
 35297 | Vaults:5 | Noticed Dargar's ghost (master GrFi)
 35298 | Vaults:5 | why
 35301 | Vaults:5 | Reached skill level 5 in Armour
 35305 | Vaults:5 | Reached skill level 5 in Fighting
 35312 | Vaults:5 | Killed Dargar's ghost
 35313 | Vaults:5 | rip bud
 35464 | Vaults:5 | Identified the +3 large shield of Refuge {+Fly Int+5 Dex-5} (You took it off a daeva on level 20 of a ziggurat)
 35465 | Vaults:5 | Identified the cursed +1 ring mail "Derinlog" {Slay+2} (You took it off a deep elf high priest on level 5 of the Vaults)
 35507 | Vaults:5 | Got a fine chain mail
 35508 | Vaults:5 | Identified Ilyimace's Volume of Glacial Contamination
 35544 | Vaults:5 | Identified the Compendium of Clay and Protection
 35710 | Vaults:5 | Got a silver rune of Zot
 35804 | Vaults:5 | Noticed an ancient lich
 35806 | Vaults:5 | Killed an ancient lich
 35882 | Vaults:5 | Identified the +2 chain mail "Jergh" {rC+} (You found it on level 5 of the Vaults)
 36143 | Crypt:1  | Entered Level 1 of the Crypt
 36241 | Crypt:1  | Reached skill level 15 in Ice Magic
 36244 | Crypt:1  | Got a twisted robe
 36344 | Crypt:3  | Entered Level 3 of the Crypt
 36563 | Crypt:3  | Found a basalt altar of Yredelemnul.
 36569 | Crypt:3  | Found an ancient bone altar of Kikubaaqudgha.
 36683 | Crypt:3  | Found a staircase to the Tomb.
 36721 | Tomb:1   | Entered Level 1 of the Tomb of the Ancients
 36832 | Tomb:1   | Noticed an ancient lich
 36835 | Tomb:1   | Killed an ancient lich
 36838 | Tomb:1   | Noticed a greater mummy
 36840 | Tomb:1   | Killed a greater mummy
 36844 | Tomb:1   | Noticed a greater mummy
 36847 | Tomb:1   | Killed a greater mummy
 36849 | Tomb:1   | Noticed a greater mummy
 36852 | Tomb:1   | Killed a greater mummy
 37097 | Tomb:2   | Noticed a greater mummy
 37128 | Tomb:2   | Noticed a greater mummy
 37135 | Tomb:2   | Killed a greater mummy
 37135 | Tomb:2   | Killed a greater mummy
 37145 | Tomb:2   | Killed a greater mummy
 37176 | Tomb:2   | Noticed a greater mummy
 37178 | Tomb:2   | Killed a greater mummy
 37178 | Tomb:2   | Reached skill level 10 in Dodging
 37357 | Tomb:1   | Noticed a greater mummy
 37358 | Tomb:1   | Noticed a greater mummy
 37358 | Tomb:1   | Noticed a greater mummy
 37360 | Tomb:1   | Reached skill level 10 in Fighting
 37361 | Tomb:1   | Noticed a greater mummy
 37362 | Tomb:1   | Killed a greater mummy
 37362 | Tomb:1   | Killed a greater mummy
 37362 | Tomb:1   | Killed a greater mummy
 37362 | Tomb:1   | Killed a greater mummy
 37364 | Tomb:1   | Killed a greater mummy
 37375 | Tomb:1   | Noticed a greater mummy
 37380 | Tomb:1   | Killed a greater mummy
 37389 | Tomb:1   | Noticed a greater mummy
 37392 | Tomb:1   | Killed a greater mummy
 37419 | Tomb:1   | Noticed a greater mummy
 37422 | Tomb:1   | Killed a greater mummy
 37451 | Tomb:1   | Noticed a greater mummy
 37455 | Tomb:1   | Killed a greater mummy
 37464 | Tomb:1   | Noticed a greater mummy
 37468 | Tomb:1   | Killed a greater mummy
 37532 | Tomb:1   | Noticed a greater mummy
 37534 | Tomb:1   | Killed a greater mummy
 37540 | Tomb:1   | Noticed a greater mummy
 37545 | Tomb:1   | Killed a greater mummy
 37605 | Tomb:1   | Noticed a greater mummy
 37608 | Tomb:1   | Killed a greater mummy
 37610 | Tomb:1   | Noticed a greater mummy
 37615 | Tomb:1   | Killed a greater mummy
 37629 | Tomb:1   | Noticed a greater mummy
 37633 | Tomb:1   | Killed a greater mummy
 37641 | Tomb:1   | Noticed a greater mummy
 37644 | Tomb:1   | Killed a greater mummy
 37644 | Tomb:1   | Reached skill level 10 in Armour
 37648 | Tomb:1   | Noticed a greater mummy
 37648 | Tomb:1   | Noticed a greater mummy
 37652 | Tomb:1   | Killed a greater mummy
 37653 | Tomb:1   | Killed a greater mummy
 37778 | Tomb:3   | Entered Level 3 of the Tomb of the Ancients
 37787 | Tomb:3   | Noticed an ancient lich
 37790 | Tomb:3   | Killed an ancient lich
 37790 | Tomb:3   | Reached skill level 1 in Evocations
 37792 | Tomb:3   | Noticed a greater mummy
 37795 | Tomb:3   | Killed a greater mummy
 37796 | Tomb:3   | Noticed a greater mummy
 37799 | Tomb:3   | Killed a greater mummy
 37800 | Tomb:3   | Noticed a greater mummy
 37803 | Tomb:3   | Killed a greater mummy
 37841 | Tomb:3   | Identified the +0 robe of Summer {Regen+} (You found it on level 1 of the Crypt)
 37863 | Tomb:3   | Found the ring of the Octopus King
 37868 | Tomb:3   | Identified the amulet of Fun {Reflect MR++ Int+3 SH+5} (You found it on level 3 of the Tomb of the Ancients)
 37876 | Tomb:3   | Identified the amulet of Beph {Acrobat rF+++ rN+ Int-3 Dex-3} (You found it on level 3 of the Tomb of the Ancients)
 37889 | Tomb:3   | Identified the ring of Utam {+Blink rN++ Int+3 Dex-4} (You found it on level 3 of the Tomb of the Ancients)
 37901 | Tomb:3   | Got a smelly scale mail
 37914 | Tomb:3   | Identified the +6 scale mail of the Manifold Ghosts {Int+5 Stlth-} (You found it on level 3 of the Tomb of the Ancients)
 37925 | Tomb:3   | Got a ring of the Octopus King
 37927 | Tomb:3   | Identified a ring of the Octopus King {rCorr AC+1 EV+1 Str+1 Int+1 Dex+1} (You found it on level 3 of the Tomb of the Ancients)
 37944 | Tomb:3   | Noticed a greater mummy
 37950 | Tomb:3   | Thaneod: oups:)
 37954 | Tomb:3   | Killed a greater mummy
 37955 | Tomb:3   | Killed a greater mummy
 37972 | Tomb:3   | Noticed a greater mummy
 37976 | Tomb:3   | Killed a greater mummy
 38009 | Tomb:3   | Noticed a greater mummy
 38012 | Tomb:3   | Killed a greater mummy
 38038 | Tomb:3   | Got a golden rune of Zot
 38053 | Tomb:3   | Noticed a greater mummy
 38059 | Tomb:3   | Killed a greater mummy
 38152 | Zig:1    | Entered Level 1 of a ziggurat
 38169 | Zig:2    | Entered Level 2 of a ziggurat
 38191 | Zig:3    | Entered Level 3 of a ziggurat
 38211 | Zig:4    | Entered Level 4 of a ziggurat
 38238 | Zig:5    | Entered Level 5 of a ziggurat
 38264 | Zig:6    | Entered Level 6 of a ziggurat
 38273 | Zig:6    | Reached skill level 5 in Evocations
 38299 | Zig:7    | Entered Level 7 of a ziggurat
 38329 | Zig:7    | Identified the cursed +0 helmet "Peanonef" {+Blink rN+ MR++ Int+4} (You found it on level 7 of a ziggurat)
 38352 | Zig:8    | Entered Level 8 of a ziggurat
 38358 | Zig:8    | Found the +2 shield of Resistance {rF+ rC+ MR+}
 38362 | Zig:8    | Found the +7 captain's cutlass {speed, disarm}
 38384 | Zig:8    | Got a distressingly furry buckler
 38398 | Zig:8    | Identified the cursed -6 buckler "Irohob" {rElec rF- rC++ SInv} (You found it on level 8 of a ziggurat)
 38408 | Zig:9    | Entered Level 9 of a ziggurat
 38419 | Zig:9    | Noticed Nerradgh the pandemonium lord
 38423 | Zig:9    | Killed Nerradgh the pandemonium lord
 38448 | Zig:9    | Identified the amulet "Ceechiab" {RegenMP rPois Slay+3} (You found it on level 9 of a ziggurat)
 38473 | Zig:10   | Entered Level 10 of a ziggurat
 38487 | Zig:10   | Found the macabre finger necklace {rN+}
 38502 | Zig:11   | Entered Level 11 of a ziggurat
 38541 | Zig:11   | Got a polished leather armour
 38552 | Zig:11   | Identified the cursed +0 leather armour "Onloath" {*Slow rF++ Str+2 Int+3} (You found it on level 11 of a ziggurat)
 38579 | Zig:12   | Entered Level 12 of a ziggurat
 38624 | Zig:12   | Identified Gonk's Reference Book on Enhancements and the Rocks
 38636 | Zig:12   | Identified the ring of Etsi {+Inv MP+9 Dex+2 Stlth+} (You found it on level 12 of a ziggurat)
 38640 | Zig:13   | Entered Level 13 of a ziggurat
 38649 | Zig:13   | Found the +5 pair of quick blades "Gyre" and "Gimble" {pierce, Dex-3}
 38650 | Zig:13   | Reached skill level 5 in Shields
 38696 | Zig:13   | Identified Decigroqakk's Grimoire of Hexes
 38709 | Zig:14   | Entered Level 14 of a ziggurat
 38720 | Zig:14   | Noticed Ikaopric the pandemonium lord
 38722 | Zig:14   | Killed Ikaopric the pandemonium lord
 38766 | Zig:15   | Entered Level 15 of a ziggurat
 38780 | Zig:15   | Reached skill level 10 in Shields
 38811 | Zig:15   | Identified Sif Muna's Handbook of Glacial Talismans
 38840 | Zig:16   | Entered Level 16 of a ziggurat
 38849 | Zig:16   | Noticed Luro the pandemonium lord
 38852 | Zig:16   | Noticed Bangat the pandemonium lord
 38852 | Zig:16   | Noticed Taskuont the pandemonium lord
 38853 | Zig:16   | Killed Luro the pandemonium lord
 38855 | Zig:16   | Noticed Zabuorgh the pandemonium lord
 38856 | Zig:16   | Noticed Latwozo the pandemonium lord
 38858 | Zig:16   | Killed Bangat the pandemonium lord
 38858 | Zig:16   | Killed Taskuont the pandemonium lord
 38859 | Zig:16   | Killed Zabuorgh the pandemonium lord
 38860 | Zig:16   | Killed Latwozo the pandemonium lord
 38906 | Zig:16   | Got a steaming ring mail
 38917 | Zig:16   | Identified the cursed +1 ring mail of the Tundras {rElec rC- MR+ Str+5} (You found it on level 16 of a ziggurat)
 38943 | Zig:17   | Entered Level 17 of a ziggurat
 38977 | Zig:17   | Found the +3 salamander hide armour {+Rage rF++}
 38985 | Zig:17   | Got an ancient pewter ring
 38991 | Zig:17   | Identified the ring "Ceubeh" {rF+ rC+ rN+} (You found it on level 17 of a ziggurat)
 38993 | Zig:18   | Entered Level 18 of a ziggurat
 39013 | Zig:18   | Reached skill level 15 in Shields
 39024 | Zig:18   | Found the +3 sling "Punk" {acid, rCorr}
 39041 | Zig:18   | Identified the amulet "Dukk" {Faith Dex+4} (You found it on level 18 of a ziggurat)
 39049 | Zig:18   | Identified the +1 chain mail "Qytsixot" {rF+ rCorr Str+3 Stlth-} (You found it on level 18 of a ziggurat)
 39064 | Zig:19   | Entered Level 19 of a ziggurat
 39075 | Zig:19   | Noticed a juggernaut
 39078 | Zig:19   | Killed a juggernaut
 39085 | Zig:19   | Noticed a juggernaut
 39087 | Zig:19   | Killed a juggernaut
 39087 | Zig:19   | Killed a ghostly juggernaut
 39091 | Zig:19   | Noticed a juggernaut
 39093 | Zig:19   | Noticed a juggernaut
 39093 | Zig:19   | Noticed a juggernaut
 39094 | Zig:19   | Noticed a juggernaut
 39094 | Zig:19   | Killed a juggernaut
 39095 | Zig:19   | Killed a juggernaut
 39096 | Zig:19   | Killed a juggernaut
 39096 | Zig:19   | Killed a juggernaut
 39116 | Zig:19   | Reached skill level 15 in Dodging
 39127 | Zig:19   | Found the +8 demon blade "Bloodbane" {slice, *Rage +Rage Stlth-}
 39135 | Zig:19   | Identified the ring of the Quahog {rN+ Str+2 Int-5 Stlth+} (You found it on level 19 of a ziggurat)
 39143 | Zig:19   | Identified the amulet of Wury {+Rage Str+3 Int+2} (You found it on level 19 of a ziggurat)
 39148 | Zig:19   | Identified the ring "Jobun" {rPois Str+4} (You found it on level 19 of a ziggurat)
 39177 | Zig:20   | Entered Level 20 of a ziggurat
 39186 | Zig:20   | Noticed an ancient lich
 39190 | Zig:20   | Killed an ancient lich
 39191 | Zig:20   | Noticed an ancient lich
 39191 | Zig:20   | Noticed an ancient lich
 39192 | Zig:20   | Killed an ancient lich
 39198 | Zig:20   | Killed an ancient lich
 39198 | Zig:20   | Killed an ancient lich
 39199 | Zig:20   | Noticed an ancient lich
 39200 | Zig:20   | Killed an ancient lich
 39207 | Zig:20   | Noticed an ancient lich
 39210 | Zig:20   | Killed an ancient lich
 39223 | Zig:20   | Found the +9 staff of Wucad Mu {channel}
 39245 | Zig:20   | Identified the ring "Rezorromm" {+Inv rElec Str+3 Int-4 Dex+5} (You found it on level 20 of a ziggurat)
 39254 | Zig:20   | Identified the +1 robe "Olas Argh" {rPois} (You found it on level 20 of a ziggurat)
 39265 | Zig:20   | Got a smoking leather armour
 39269 | Zig:21   | Entered Level 21 of a ziggurat
 39279 | Zig:21   | Noticed an ancient lich
 39283 | Zig:21   | Killed an ancient lich
 39285 | Zig:21   | Noticed an ancient lich
 39288 | Zig:21   | Killed an ancient lich
 39289 | Zig:21   | Noticed an ancient lich
 39292 | Zig:21   | Noticed an ancient lich
 39295 | Zig:21   | Killed an ancient lich
 39295 | Zig:21   | Killed an ancient lich
 39318 | Zig:21   | Identified the Grimoire of the Ashen Escort
 39351 | Zig:22   | Entered Level 22 of a ziggurat
 39369 | Zig:22   | Reached skill level 5 in Stealth
 39371 | Zig:22   | Noticed an ancient lich
 39373 | Zig:22   | Killed an ancient lich
 39374 | Zig:22   | Noticed an ancient lich
 39375 | Zig:22   | Reached skill level 10 in Stealth
 39378 | Zig:22   | Killed an ancient lich
 39394 | Zig:22   | Killed an ancient lich
 39408 | Zig:22   | Identified the ring of Zuot {rCorr rPois} (You found it on level 22 of a ziggurat)
 39416 | Zig:22   | Identified Jezideph's Guide on Combat Magic
 39419 | Zig:22   | Got a bound granite ring
 39433 | Zig:22   | Identified the cursed +0 scale mail of the Poles {rElec rC+++ Int-2} (You found it on level 22 of a ziggurat)
 39455 | Zig:22   | Learned a level 9 spell: Shatter
 39456 | Zig:23   | Entered Level 23 of a ziggurat
 39467 | Zig:23   | Reached skill level 1 in Earth Magic
 39473 | Zig:23   | Reached skill level 5 in Earth Magic
 39479 | Zig:23   | Received a gift from Sif Muna
 39525 | Zig:23   | Found the +2 ratskin cloak {+Rats rPois rN+ Str-1 Int-1 Dex+1}
 39546 | Zig:23   | Got a brightly glowing ruby amulet
 39550 | Zig:24   | Entered Level 24 of a ziggurat
 39566 | Zig:24   | Received a gift from Sif Muna
 39570 | Zig:24   | Reached skill level 10 in Earth Magic
 39603 | Zig:24   | Found the ring of Phasing {EV+8}
 39603 | Zig:24   | Found the +6 arbalest "Damnation" {damnation}
 39612 | Zig:24   | Identified the Disquisition on Unholy Arts and Arcane Weapons
 39647 | Zig:24   | Identified the +2 leather armour of Ochewin {rElec rF+ MR-} (You found it on level 20 of a ziggurat)
 39664 | Zig:25   | Entered Level 25 of a ziggurat
 39679 | Zig:25   | Received a gift from Sif Muna
 39710 | Zig:25   | Found the +9 staff of Olgreb {rPois}
 39754 | Zig:26   | Entered Level 26 of a ziggurat
 39767 | Zig:26   | Received a gift from Sif Muna
 39780 | Zig:26   | Reached skill level 15 in Earth Magic
 39783 | Zig:26   | Received a gift from Sif Muna
 39815 | Zig:26   | Identified the amulet "Saggomoysa" {+Rage Str+4 Dex+5} (You found it on level 23 of a ziggurat)
 39834 | Zig:26   | Identified the ring "Feoxigyg" {Str+4 Slay+4} (You found it on level 22 of a ziggurat)
 39851 | Zig:27   | Entered Level 27 of a ziggurat
 39865 | Zig:27   | Received a gift from Sif Muna
 39924 | Zig:27   | Got a glittering granite ring
 39930 | Zig:27   | Identified the ring "Lotrir" {rCorr rF- Int+6} (You found it on level 27 of a ziggurat)
 39933 | Zig:27   | Got a pair of encrusted gloves
 39944 | Zig:27   | Identified the +2 pair of gloves "Zib Hoff" {+Inv} (You found it on level 27 of a ziggurat)
 39957 | Zig:27   | Identified The Arcane Secrets of Theurgy
 39959 | Zig:27   | Identified Zessew's Grimoire of the Blaze
 39971 | Zig:27   | Got an ancient scale mail
 39979 | Zig:27   | Got a vibrating garnet amulet
 39992 | Zig:27   | Identified the +4 scale mail of the Five Queens {Regen+ Int+2} (You found it on level 27 of a ziggurat)
 40021 | Zig:1    | Entered Level 1 of a ziggurat
 40037 | Zig:2    | Entered Level 2 of a ziggurat
 40039 | Zig:2    | Received a gift from Sif Muna
 40057 | Zig:3    | Entered Level 3 of a ziggurat
 40060 | Zig:3    | Noticed a juggernaut
 40064 | Zig:3    | Killed a juggernaut
 40100 | Zig:4    | Entered Level 4 of a ziggurat
 40128 | Zig:5    | Entered Level 5 of a ziggurat
 40133 | Zig:5    | Noticed an ancient lich
 40133 | Zig:5    | Noticed an ancient lich
 40136 | Zig:5    | Killed an ancient lich
 40136 | Zig:5    | Killed an ancient lich
 40158 | Zig:6    | Entered Level 6 of a ziggurat
 40211 | Zig:7    | Entered Level 7 of a ziggurat
 40218 | Zig:7    | Found the +8 demon blade "Leech" {vamp, rN+ AC-3 EV-3}
 40219 | Zig:7    | Received a gift from Sif Muna
 40236 | Zig:7    | Got an ancient lead ring
 40253 | Zig:7    | Identified the cursed ring "Simiy" {MP+9 Str-3} (You found it on level 7 of a ziggurat)
 40275 | Zig:8    | Entered Level 8 of a ziggurat
 40314 | Zig:9    | Entered Level 9 of a ziggurat
 40322 | Zig:9    | Reached ****** piety under Sif Muna
 40336 | Zig:10   | Entered Level 10 of a ziggurat
 40347 | Zig:10   | Received a gift from Sif Muna
 40377 | Zig:10   | Identified the amulet "Zeosham" {RegenMP Dex+4 Stlth+} (You found it on level 27 of a ziggurat)
 40389 | Zig:11   | Entered Level 11 of a ziggurat
 40423 | Zig:11   | Identified the Volume of Freezing Envenoming
 40435 | Zig:12   | Entered Level 12 of a ziggurat
 40483 | Zig:13   | Entered Level 13 of a ziggurat
 40511 | Zig:13   | Got a brightly glowing ring mail
 40531 | Zig:13   | Got a thick robe
 40536 | Zig:13   | Got a scintillating jade amulet
 40537 | Zig:13   | Identified the Grimoire of Summoning
 40552 | Zig:13   | Identified the amulet of Descent {Spirit rPois MR+} (You found it on level 13 of a ziggurat)
 40554 | Zig:13   | Identified the +5 ring mail "Nyl Wubu" {Dex+4} (You found it on level 13 of a ziggurat)
 40566 | Zig:13   | Identified the +1 robe "Limnooc" {+Fly} (You found it on level 13 of a ziggurat)
 40590 | Zig:14   | Entered Level 14 of a ziggurat
 40608 | Zig:14   | Reached skill level 15 in Armour
 40626 | Zig:14   | Found the ring of the Octopus King
 40632 | Zig:14   | Identified Agruj's Guide on the Displaced Rocks
 40647 | Zig:14   | Got a ring of the Octopus King
 40649 | Zig:14   | Identified a ring of the Octopus King {rF+ AC+1 EV+1 Str+1 Int+1 Dex+1} (You found it on level 14 of a ziggurat)
 40655 | Zig:15   | Entered Level 15 of a ziggurat
 40696 | Zig:15   | Identified the Handbook of Ashen Lightness
 40715 | Zig:16   | Entered Level 16 of a ziggurat
 40749 | Zig:16   | Identified the Volume of the Helpful Rocks
 40832 | Zig:17   | Entered Level 17 of a ziggurat
 40850 | Zig:17   | Received a gift from Sif Muna
 40869 | Zig:17   | Identified the Incunabulum of Serendipity
 40873 | Zig:17   | Got a pitted platinum amulet
 40875 | Zig:17   | Identified the Guide on Air and Transformation
 40878 | Zig:17   | Got a smoking robe
 40884 | Zig:17   | Got a coiled granite ring
 40894 | Zig:17   | Identified the ring "Lec Ost" {rPois rF+ MR- MP+9 Stlth+} (You found it on level 17 of a ziggurat)
 40898 | Zig:17   | Identified the amulet "Kioprif" {Spirit rN+} (You found it on level 17 of a ziggurat)
 40900 | Zig:17   | Identified the cursed +0 robe "Wutzop" {*Contam Slay+6} (You found it on level 17 of a ziggurat)
 40909 | Zig:18   | Entered Level 18 of a ziggurat
 40927 | Zig:18   | Noticed a greater mummy
 40932 | Zig:18   | Noticed a greater mummy
 40933 | Zig:18   | Noticed a greater mummy
 40934 | Zig:18   | Killed a greater mummy
 40936 | Zig:18   | Killed a greater mummy
 40937 | Zig:18   | Noticed a greater mummy
 40937 | Zig:18   | Killed a greater mummy
 40938 | Zig:18   | Noticed a greater mummy
 40941 | Zig:18   | Noticed a greater mummy
 40941 | Zig:18   | Killed a greater mummy
 40945 | Zig:18   | Killed a greater mummy
 40948 | Zig:18   | Noticed a greater mummy
 40948 | Zig:18   | Killed a greater mummy
 40951 | Zig:18   | Killed a greater mummy
 40990 | Zig:18   | Got a pitted bronze ring
 40997 | Zig:18   | Identified the Papyrus of Execration and Confrontation
 41000 | Zig:18   | Identified Easy Theurgy
 41012 | Zig:18   | Identified the cursed ring of Sausa {MR+ Str+7 Int-2} (You found it on level 18 of a ziggurat)
 41041 | Zig:19   | Entered Level 19 of a ziggurat
 41061 | Zig:19   | Noticed an ancient lich
 41064 | Zig:19   | Killed an ancient lich
 41068 | Zig:19   | Noticed an ancient lich
 41070 | Zig:19   | Killed an ancient lich
 41076 | Zig:19   | Found the +10 morningstar "Eos" {elec, Halo rElec}
 41076 | Zig:19   | Found the +7 Spriggan's Knife {MR+ EV+4 Dex+4 Stlth+}
 41092 | Zig:19   | Got a clouded jade ring
 41112 | Zig:20   | Entered Level 20 of a ziggurat
 41127 | Zig:20   | Noticed a greater mummy
 41130 | Zig:20   | Killed a greater mummy
 41131 | Zig:20   | Noticed a greater mummy
 41132 | Zig:20   | Noticed a greater mummy
 41133 | Zig:20   | Killed a greater mummy
 41134 | Zig:20   | Killed a greater mummy
 41135 | Zig:20   | Noticed a greater mummy
 41136 | Zig:20   | Noticed a greater mummy
 41138 | Zig:20   | Killed a greater mummy
 41138 | Zig:20   | Killed a greater mummy
 41143 | Zig:20   | Noticed a greater mummy
 41146 | Zig:20   | Received a gift from Sif Muna
 41148 | Zig:20   | Killed a greater mummy
 41166 | Zig:20   | Found the +3 warlock's mirror {reflect}
 41192 | Zig:21   | Entered Level 21 of a ziggurat
 41202 | Zig:21   | Noticed Pylaz the pandemonium lord
 41204 | Zig:21   | Noticed Koankir the pandemonium lord
 41205 | Zig:21   | Noticed Ibumn the pandemonium lord
 41205 | Zig:21   | Noticed Warabei the pandemonium lord
 41205 | Zig:21   | Noticed Wasialumm the pandemonium lord
 41206 | Zig:21   | Killed Pylaz the pandemonium lord
 41206 | Zig:21   | Killed Warabei the pandemonium lord
 41207 | Zig:21   | Noticed Abiytt the pandemonium lord
 41207 | Zig:21   | Noticed Ozeeva the pandemonium lord
 41207 | Zig:21   | Killed Wasialumm the pandemonium lord
 41212 | Zig:21   | Killed Koankir the pandemonium lord
 41218 | Zig:21   | Killed Ibumn the pandemonium lord
 41219 | Zig:21   | Killed Abiytt the pandemonium lord
 41220 | Zig:21   | Killed Ozeeva the pandemonium lord
 41224 | Zig:21   | Noticed Vicef the pandemonium lord
 41225 | Zig:21   | Noticed Kuehergho the pandemonium lord
 41228 | Zig:21   | Noticed Fuetuyja the pandemonium lord
 41229 | Zig:21   | Killed Kuehergho the pandemonium lord
 41230 | Zig:21   | Noticed Wefajax the pandemonium lord
 41230 | Zig:21   | Killed Fuetuyja the pandemonium lord
 41231 | Zig:21   | Noticed Irebbyka the pandemonium lord
 41231 | Zig:21   | Killed Vicef the pandemonium lord
 41232 | Zig:21   | Noticed Xelat the pandemonium lord
 41234 | Zig:21   | Noticed Pitofog the pandemonium lord
 41234 | Zig:21   | Killed Wefajax the pandemonium lord
 41235 | Zig:21   | Noticed Comnecig the pandemonium lord
 41235 | Zig:21   | Killed Irebbyka the pandemonium lord
 41236 | Zig:21   | Noticed Safyilol the pandemonium lord
 41236 | Zig:21   | Killed Pitofog the pandemonium lord
 41237 | Zig:21   | Killed Xelat the pandemonium lord
 41238 | Zig:21   | Noticed Weudur the pandemonium lord
 41238 | Zig:21   | Paralysed by you for 6 turns
 41239 | Zig:21   | Killed Safyilol the pandemonium lord
 41246 | Zig:21   | Killed Comnecig the pandemonium lord
 41247 | Zig:21   | Killed Zitat the pandemonium lord
 41248 | Zig:21   | Killed Weudur the pandemonium lord
 41301 | Zig:21   | Got a clouded jade ring
 41303 | Zig:21   | Got a pair of fine boots
 41314 | Zig:21   | Identified the +2 pair of boots of Benevolence {Stlth+} (You found it on level 21 of a ziggurat)
 41338 | Zig:21   | Identified Sif Muna's Handbook of Earthen Conjuration
 41345 | Zig:21   | Identified the ring of the Morning {Fire Str+3 Dex+7 Stlth-} (You found it on level 19 of a ziggurat)
 41347 | Zig:21   | Identified the ring "Funan" {rCorr rN+ MR+++ Str-2 Int+3} (You found it on level 21 of a ziggurat)
 41379 | Zig:21   | Got a steaming chain mail
 41380 | Zig:21   | Identified the +4 chain mail of the Distant Future {+Fly Str+2} (You found it on level 21 of a ziggurat)
 41397 | Zig:22   | Entered Level 22 of a ziggurat
 41437 | Zig:22   | Found the +7 lajatang of Order {silver, rMut}
 41494 | Zig:22   | Got an iridescent broad axe
 41500 | Zig:23   | Entered Level 23 of a ziggurat
 41540 | Zig:23   | Received a gift from Sif Muna
 41566 | Zig:23   | Found the cursed +13 scythe of Curses {drain, *Curse}
 41569 | Zig:23   | Identified Wyriatia's Handbook of Floating Confrontation
 41575 | Zig:23   | Got a crude silver ring
 41582 | Zig:23   | Got a heavily runed leather armour
 41584 | Zig:23   | Identified the ring "Regoam" {Ice Str+3} (You found it on level 23 of a ziggurat)
 41594 | Zig:24   | Entered Level 24 of a ziggurat
 41638 | Zig:24   | Thaneod: red screen of death
 41644 | Zig:24   | Identified Sif Muna's Tome of Dusty Flames
 41646 | Zig:24   | Identified the Catalogue of the Escort and Confrontation
 41651 | Zig:24   | Identified the Catalogue of Dusty Execration
 41658 | Zig:24   | Got a pair of translucent gloves
 41675 | Zig:24   | Got a heavily runed ivory amulet
 41691 | Zig:24   | Identified the +0 pair of gloves of the Guild-Master {+Blink rPois rCorr Str+3} (You found it on level 24 of a ziggurat)
 41701 | Zig:24   | Identified the +3 leather armour "Leukk" {rElec Stlth+} (You found it on level 23 of a ziggurat)
 41743 | Zig:25   | Entered Level 25 of a ziggurat
 41766 | Zig:25   | Reached skill level 27 in Armour
 41874 | Zig:25   | Found the +3 robe of Clouds {+Fly rElec}
 41890 | Zig:25   | Identified the Incunabulum of Dark Poison
 41892 | Zig:25   | Identified the Handbook of Cold and Dark Secrets
 41904 | Zig:25   | Identified the Almanac of the Frostbite
 41908 | Zig:25   | Identified the amulet "Momu" {Gourm Str+2} (You found it on level 24 of a ziggurat)
 41911 | Zig:25   | Identified the cursed +1 broad axe of Turmoil {chop, MR+ Stlth+} (You found it on level 22 of a ziggurat)
 41919 | Zig:25   | Identified the ring "Wiulofri" {rN+ Int+3 SInv} (You found it on level 25 of a ziggurat)
 41925 | Zig:26   | Entered Level 26 of a ziggurat
 41987 | Zig:26   | Found the ring of the Mage {Wiz MR++ Int+3}
 41998 | Zig:26   | Got a glittering golden ring
 42008 | Zig:26   | Got a vibrating silver ring
 42026 | Zig:26   | Got an encrusted scale mail
 42039 | Zig:26   | Identified the cursed +0 scale mail of Free Expression {-Tele rPois rN+ Slay+3} (You found it on level 26 of a ziggurat)
 42068 | Zig:27   | Entered Level 27 of a ziggurat
 42091 | Zig:27   | timbw: 27
 42098 | Zig:27   | Noticed an ancient lich
 42099 | Zig:27   | Noticed an ancient lich
 42102 | Zig:27   | Killed an ancient lich
 42104 | Zig:27   | Killed an ancient lich
 42109 | Zig:27   | Noticed an ancient lich
 42112 | Zig:27   | Killed an ancient lich
 42125 | Zig:27   | Noticed an ancient lich
 42125 | Zig:27   | Noticed an ancient lich
 42126 | Zig:27   | Noticed an ancient lich
 42127 | Zig:27   | Killed an ancient lich
 42127 | Zig:27   | Killed an ancient lich
 42128 | Zig:27   | Killed an ancient lich
 42129 | Zig:27   | Noticed an ancient lich
 42129 | Zig:27   | Killed an ancient lich
 42131 | Zig:27   | Killed an ancient lich
 42156 | Zig:27   | Found the +8 Wrath of Trog {antimagic, *Rage}
 42163 | Zig:27   | Identified Maddats's Reference Book on Enthralling Summoning
 42186 | Tomb:3   | timbw: freedom
 42187 | Tomb:3   | timbw: ew tomb
 42193 | Zig:1    | Entered Level 1 of a ziggurat
 42203 | Zig:2    | Entered Level 2 of a ziggurat
 42219 | Zig:3    | Entered Level 3 of a ziggurat
 42241 | Zig:4    | Entered Level 4 of a ziggurat
 42262 | Zig:4    | Identified the Disquisition on Beguiling and the Traveller
 42269 | Zig:5    | Entered Level 5 of a ziggurat
 42273 | Zig:5    | Noticed an ancient lich
 42276 | Zig:5    | Killed an ancient lich
 42304 | Zig:6    | Entered Level 6 of a ziggurat
 42311 | Zig:6    | Received a gift from Sif Muna
 42323 | Zig:7    | Entered Level 7 of a ziggurat
 42331 | Zig:7    | Noticed an ancient lich
 42334 | Zig:7    | Killed an ancient lich
 42343 | Zig:7    | Identified Jaluah's Disquisition on Confrontation
 42376 | Zig:8    | Entered Level 8 of a ziggurat
 42403 | Zig:8    | Identified the ring "Oger" {Ice *Corrode rPois SInv} (You found it on level 26 of a ziggurat)
 42408 | Zig:9    | Entered Level 9 of a ziggurat
 42418 | Zig:9    | Found the ring of the Octopus King
 42418 | Zig:9    | Noticed a juggernaut
 42418 | Zig:9    | Noticed a juggernaut
 42420 | Zig:9    | Killed a juggernaut
 42423 | Zig:9    | Killed a juggernaut
 42449 | Zig:9    | Identified the cursed +1 plate armour "Qiuzissi" {MP+9 Int+5 Slay+3} (You found it on level 9 of a ziggurat)
 42457 | Zig:9    | 4thArraOfDagon: hmm
 42478 | Zig:9    | 4thArraOfDagon: getting closer
 42478 | Zig:9    | 4thArraOfDagon: just need some str
 42517 | Zig:10   | Entered Level 10 of a ziggurat
 42525 | Zig:10   | Noticed Laded the pandemonium lord
 42531 | Zig:10   | Noticed Nawag the pandemonium lord
 42531 | Zig:10   | Killed Laded the pandemonium lord
 42534 | Zig:10   | Killed Nawag the pandemonium lord
 42536 | Zig:10   | Noticed Lonkeax the pandemonium lord
 42537 | Zig:10   | Killed Lonkeax the pandemonium lord
 42539 | Zig:10   | Noticed Wueck the pandemonium lord
 42541 | Zig:10   | Killed Wueck the pandemonium lord
 42546 | Zig:10   | Found the +4 Vampire's Tooth {vamp}
 42558 | Zig:10   | Got a pitted glass ring
 42561 | Zig:10   | Identified An Introduction to the Hermit's Heritage
 42565 | Zig:10   | Thaneod: switch to Trog?
 42566 | Zig:11   | Entered Level 11 of a ziggurat
 42577 | Zig:11   | Noticed an orb of fire
 42580 | Zig:11   | Noticed an orb of fire
 42581 | Zig:11   | Killed an orb of fire
 42582 | Zig:11   | Noticed an orb of fire
 42582 | Zig:11   | Noticed an orb of fire
 42585 | Zig:11   | Killed an orb of fire
 42586 | Zig:11   | Killed an orb of fire
 42586 | Zig:11   | Killed an orb of fire
 42643 | Zig:11   | Identified the ring "Inuku" {rC+ Int+5 Stlth-} (You found it on level 26 of a ziggurat)
 42644 | Zig:11   | Identified the ring "Jaer" {rPois rC+ MR+ Int+4} (You found it on level 10 of a ziggurat)
 42648 | Zig:12   | Entered Level 12 of a ziggurat
 42682 | Zig:12   | Got a serpentine lead ring
 42691 | Zig:13   | Entered Level 13 of a ziggurat
 42744 | Zig:13   | Found the +7 sceptre of Torment
 42762 | Zig:13   | Got a slimy wooden ring
 42764 | Zig:13   | Got a scorched crystal plate armour
 42768 | Zig:14   | Entered Level 14 of a ziggurat
 42814 | Zig:14   | Identified the +4 crystal plate armour of Greater Demons {+Fly rF+ Int+2} (You found it on level 13 of a ziggurat)
 42825 | Zig:14   | Got a wavering golden amulet
 42834 | Zig:15   | Entered Level 15 of a ziggurat
 42894 | Zig:16   | Entered Level 16 of a ziggurat
 42914 | Zig:16   | Reached skill level 27 in Invocations
 42914 | Zig:16   | Reached skill level 1 in Air Magic
 42918 | Zig:16   | Received a gift from Sif Muna
 42921 | Zig:16   | Reached skill level 15 in Translocations
 42967 | Zig:16   | Identified the ring "Ismin" {Fire rElec} (You found it on level 12 of a ziggurat)
 42970 | Zig:16   | Identified the ring of Dujobbaq {rF+ Str+4} (You found it on level 13 of a ziggurat)
 42973 | Zig:16   | Got a vibrating brass ring
 42974 | Zig:16   | Identified the ring of the Three Wonders {*Drain rPois Int+2 SInv} (You found it on level 16 of a ziggurat)
 42979 | Zig:16   | Got a jewelled helmet
 42980 | Zig:16   | Identified the Compendium of the Shifting Oath
 42992 | Zig:16   | Identified the cursed +0 helmet of Vlad {MR+ Str+3 Int+3 SInv} (You found it on level 16 of a ziggurat)
 42998 | Zig:16   | Got a pair of translucent boots
 43009 | Zig:16   | Identified the +1 pair of boots of Beauty {MR+} (You found it on level 16 of a ziggurat)
 43028 | Zig:17   | Entered Level 17 of a ziggurat
 43047 | Zig:17   | Reached skill level 5 in Air Magic
 43050 | Zig:17   | Received a gift from Sif Muna
 43061 | Zig:17   | Received a gift from Sif Muna
 43062 | Zig:17   | Noticed Zewir the pandemonium lord
 43086 | Zig:17   | Killed from afar by Zewir the pandemonium lord

Vault maps used:
D:1:      evilmike_arrival_crescent
D:2:      lemuel_blue_sif_altar, first_ration
D:3:      serial_co_window_serial, co_window_cross_1,
          co_window_of_opportunity_a, co_window_paths_a, co_window_corner_a,
          co_window_paths_b, co_window_corner_a, co_window_paths_a,
          co_window_2corner, co_window_of_opportunity_b, co_window_cross_4,
          co_window_corner_cb, co_window_broadway_c, co_window_sun,
          uniq_jessica, uniq_terence
D:4:      lemuel_zombie_altar_yredelemnul, temple_statues, serial_shops, shop,
          doesnt_xom_only_xom, uniq_pikel
D:5:      hangedman_decor_riveting, uniq_blork_the_orc, uniq_eustachio
D:6:      vehumet_altar_wand_db, nicolae_overflow_crystal_walls, serial_shops,
          nicolae_shop_temple_entry_statues_fountains
D:7:      nicolae_qazlal_eye_of_the_storm, kiku_gazebo_pond_becter,
          serial_shops, shop
D:8:      nicolae_overflow_hidden_temple, overflow_temple_1_default, minitemple
D:10:     erik_lair_island, orc_david_3, hangedman_pestilent_swarm
D:11:     basic_altar, uniq_psyche
D:12:     lightli_airlock
D:13:     minmay_tree_intersection, uniq_urug, uniq_nessos
D:14:     grunt_vaults_entry_tiered, grunt_ministairs_2
D:15:     hangedman_depths_entry_civil_slaughter, serial_shops, shop_fountains,
          minmay_crystal_water, basic_altar
Lair:1:   serial_bayou_shore_b, grunt_megastairs_2, infiniplex_staircase_pool_2
Lair:2:   minmay_snake_entry_guardpost_small, lemuel_fruit_fields,
          lemuel_fruit_tree
Lair:3:   regret_index_wax_grids, grunt_forest_large_clearing_hut,
          grunt_megastairs_3, infiniplex_staircase_pool
Lair:4:   shoals_dummy_entry
Lair:6:   evilmike_catoblepas_cave, minmay_slime_entry_pillars,
          serial_bayou_pond_a
Shoals:1: serial_shops, shop, st_cyclops
Shoals:3: uniq_aizul
Shoals:4: shoals_end_grunt_ice, shoals_ilsuiw_ice, portal_ice_cave_entry_dragon,
          uniq_polyphemus, uniq_nikola
Snake:1:  special_room, basic_altar, spider_trap, serial_bayou_shore_b
Snake:2:  spider_trap, nrook_loot_triangle
Snake:3:  uniq_agnes
Snake:4:  snake_pit_salamanders_mu, minmay_shop_grove
Slime:2:  nicolae_slime_barrier
Slime:4:  cheibrodos_slime_lost_civilization_2, nicolae_slime_phagocytosis
Orc:1:    nicolae_orc_rockfall
Orc:2:    st_orc_congregation
Elf:1:    elf_arrival_002, serial_aquarium, aquarium_bridge_long_separate,
          aquarium_window_fake, aquarium_window_2, aquarium_window_fake,
          aquarium_view_2e, minmay_elf_crystal_hexagon, minmay_misc_feat_five,
          minmay_misc_feat_cross, st_stairs_10, nrook_mini_backslash
Elf:2:    serial_shops, shop, minivault_5, minmay_elf_sorcery, uniq_saint_roka,
          uniq_roxanne
Elf:3:    minmay_elf_hall_spiked, serial_shops, nicolae_shop_crystal,
          basic_stair_grate_trap, grunt_megastairs_4
Vaults:1: vaults_dpeg_ring, vaults_standard_mumra_enter_the_diamond, v_misc_16,
          v_misc_11, serial_shops, shop, shop, shop, shop,
          nicolae_shop_window_shopping
Vaults:2: v_alt_pattern_1, v_misc_11, v_misc_19,
          nicolae_vaults_little_squares_4, hangedman_vaults_slice
Vaults:3: minmay_crypt_entry_simple_corners, nicolae_vaults_arrows,
          nicolae_vaults_circle_grid_a, nicolae_vaults_three_branches,
          v_pattern_4, ontoclasm_vaults_eye, dpeg_vaults_pockets_of_resistance,
          hangedman_vaults_restitches, vaults_room_boxed,
          nicolae_vaults_shelves_hall, v_alt_pattern_1, basic_altar,
          uniq_sojobo, uniq_boris
Vaults:4: v_pattern_3, hangedman_vaults_cutoff, v_misc_24, v_rooms_3,
          nicolae_vaults_network_s, nicolae_vaults_asterisk,
          ontoclasm_vaults_gateway, nicolae_vaults_yaktaur_gun_rack,
          hangedman_vaults_cutoff, vaults_room_guarded_vault,
          nicolae_vaults_hallways_thing, serial_shops, nicolae_shop_statue_plus
Vaults:5: serial_shops
Crypt:1:  st_stairs_5, nicolae_crypt_soggy_tomb
Crypt:3:  lightli_unholy_cathedral, tomb_entry_moat_badplayer
Depths:1: hangedman_coc_ice_floe, minivault_11, tso_metal_star,
          serial_bayou_shore_b, kennysheep_random_hallway
Depths:2: minmay_mutant_horseshoe, hell_entry, abyss_entry,
          kennysheep_small_spiral, brannock_guarded_unrand_thermic_engine
Depths:3: hangedman_slaughterboxes, pan_entry, hell_entry, abyss_entry
Depths:4: minmay_the_grid_4x2, serial_bayou_pond_a, pan_entry, abyss_entry,
          pf_vacation_house_of_asmodeus, firewood_loft
Depths:5: grunt_crosshair, enter_ziggurat_b, minmay_misc_feat_columns,
          hell_entry, pan_entry, evilmike_spriggan_trog_shrine
Zig:9:    ziggurat_pillar_centre_dead_trees
Zig:13:   ziggurat_pillar_centre_oklobs
Zig:14:   ziggurat_pillar_centre_c
Zig:18:   ziggurat_pillar_centre_more_plants
Zig:19:   ziggurat_pillar_centre_drop
Zig:20:   ziggurat_pillar_centre_smoke
IceCv:    ice_cave_statue_garden_chambered

Skill      XL: |  1  2  3  4  5  6  7  8  9 10 11 12 13 14 15 16 17 18 19 20 21 22 23 24 25 26 27 |
---------------+----------------------------------------------------------------------------------+-----
Conjurations   | 1 2 3 4 5 7 8 9 10 12 13 14 15 16 17 18 19 20 21 | 21.0
Spellcasting   | 3 4 5 6 7 8 9 11 12 13 15 16 17 18 19 20 21 24 26 | 26.0
Fire Magic     | 3 4 5 6 7 8 9 11 12 14 15 16 17 18 19 20 | 20.0
Invocations    | 2 3 5 6 8 9 10 11 13 15 27 | 27.0
Fighting       | 1 3 13 | 13.0
Dodging        | 2 3 4 5 6 18 | 18.7
Armour         | 2 4 27 | 27.0
Translocations | 6 11 13 16 | 16.8
Ice Magic      | 7 17 | 17.3
Summonings     | 6 |  6.0
Evocations     | 6 |  6.0
Shields        | 25 | 25.0
Stealth        | 13 | 13.1
Earth Magic    | 19 | 19.7
Air Magic      | 9 |  9.6

Action                   |  1- 3 |  4- 6 |  7- 9 | 10-12 | 13-15 | 16-18 | 19-21 | 22-24 | 25-27 || total
-------------------------+-------+-------+-------+-------+-------+-------+-------+-------+-------++-------
Melee: Dagger            |    37 |    43 |   147 |   286 |    22 |       |       |       |       ||   535
       Unarmed           |     1 |       |       |       |       |       |       |       |       ||     1
       Lajatang          |       |       |       |       |    92 |       |       |       |       ||    92
       War axe           |       |       |       |       |       |    61 |       |       |       ||    61
       Staff             |       |       |       |       |       |    12 |     7 |     3 |     1 ||    23
 Cast: Flame Tongue      |    72 |     8 |    89 |    81 |     3 |       |       |       |       ||   253
       Conjure Flame     |       |     2 |     8 |    36 |    11 |     9 |     5 |     4 |       ||    75
       Sticky Flame      |       |       |    18 |    63 |    23 |    29 |    21 |     9 |     3 ||   166
       Fireball          |       |       |     6 |    92 |   144 |   175 |   210 |    52 |     6 ||   685
       Bolt of Fire      |       |       |       |       |   140 |   277 |   295 |   166 |   133 ||  1011
       Orb of Destructio |       |       |       |       |    39 |    58 |    65 |   135 |    69 ||   366
       Ignition          |       |       |       |       |       |       |       |    24 |   158 ||   182
       Fire Storm        |       |       |       |       |       |       |       |   135 |   822 ||   957
       Apportation       |       |       |       |       |       |       |       |     1 |     3 ||     4
       Lee's Rapid Decon |       |       |       |       |       |       |       |     3 |     1 ||     4
       Aura of Abjuratio |       |       |       |       |       |       |       |       |    34 ||    34
       Shatter           |       |       |       |       |       |       |       |       |   194 ||   194
       Glaciate          |       |       |       |       |       |       |       |       |    20 ||    20
       Controlled Blink  |       |       |       |       |       |       |       |       |    12 ||    12
       Blink             |       |       |       |       |       |       |       |       |     1 ||     1
Invok: Divine Energy     |       |     1 |       |       |       |       |       |       |       ||     1
       Channel Magic     |       |       |     2 |    24 |    43 |    52 |    44 |    58 |   212 ||   435
 Abil: Stop Flying       |       |       |       |       |       |       |       |       |     1 ||     1
       Evoke Flight      |       |       |       |       |       |       |       |       |     1 ||     1
       Evoke Invisibilit |       |       |       |       |       |       |       |       |     3 ||     3
Evoke: Wand              |       |       |    10 |     5 |    14 |       |       |       |     2 ||    31
       Staff of energy   |       |       |       |       |       |       |     7 |     8 |     4 ||    19
       Figurine of a zig |       |       |       |       |       |       |       |       |     3 ||     3
  Use: Scroll            |     1 |     2 |     2 |    13 |    17 |    16 |    14 |    14 |    81 ||   160
 Stab: Sleeping          |     5 |     1 |     4 |       |     1 |       |       |       |       ||    11
       Paralysed         |       |       |       |     2 |     6 |       |       |       |       ||     8
       Confused          |       |       |       |     1 |       |       |       |       |       ||     1
Armor: Robe              |     7 |    10 |    11 |    14 |     6 |     4 |       |       |     3 ||    55
       Leather armour    |       |       |     6 |       |       |       |       |       |       ||     6
       Troll leather arm |       |       |       |    91 |    33 |   135 |    50 |    38 |    73 ||   420
Dodge: Dodged            |    56 |    42 |   107 |   384 |   180 |   260 |   116 |    52 |   290 ||  1487
       Deflected         |       |       |       |       |       |    26 |    56 |    24 |    30 ||   136
Block: Shield            |       |       |       |       |       |       |       |       |   205 ||   205
       Large shield      |       |       |       |       |       |       |       |       |    13 ||    13

Table legend:
 A = Spawn XP
 B = Non-spawn XP
 C = Spawn XP percentage of total XP
 D = Spawn monster count
 E = Non-spawn monster count
 F = Spawn count percentage of total count
 G = Total turns spent on level
                    A         B        C        D         E        F      G
               +---------+---------+-------+---------+---------+-------+---------
         Total |       0 | 5546636 |   0.0 |       0 |    6040 |   0.0 | 43086
               +---------+---------+-------+---------+---------+-------+---------
           D:1 |       0 |      35 |   0.0 |       0 |      21 |   0.0 |  1007
           D:2 |       0 |      42 |   0.0 |       0 |      16 |   0.0 |   490
           D:3 |       0 |     124 |   0.0 |       0 |      20 |   0.0 |   860
           D:4 |       0 |     810 |   0.0 |       0 |      18 |   0.0 |   771
           D:5 |       0 |     765 |   0.0 |       0 |      12 |   0.0 |   661
           D:6 |       0 |     902 |   0.0 |       0 |      16 |   0.0 |   715
           D:7 |       0 |     515 |   0.0 |       0 |      11 |   0.0 |  1133
           D:8 |       0 |    3024 |   0.0 |       0 |      30 |   0.0 |   623
           D:9 |       0 |    3122 |   0.0 |       0 |      43 |   0.0 |   553
          D:10 |       0 |    4599 |   0.0 |       0 |      48 |   0.0 |   666
          D:11 |       0 |    3749 |   0.0 |       0 |      45 |   0.0 |   554
          D:12 |       0 |   13126 |   0.0 |       0 |      40 |   0.0 |   904
          D:13 |       0 |    4805 |   0.0 |       0 |      25 |   0.0 |   436
          D:14 |       0 |   17311 |   0.0 |       0 |      49 |   0.0 |   809
          D:15 |       0 |   21647 |   0.0 |       0 |      52 |   0.0 |   939
        Lair:1 |       0 |    1451 |   0.0 |       0 |       8 |   0.0 |   230
        Lair:2 |       0 |    3027 |   0.0 |       0 |      15 |   0.0 |   270
        Lair:3 |       0 |   13217 |   0.0 |       0 |      70 |   0.0 |   590
        Lair:4 |       0 |    9861 |   0.0 |       0 |      32 |   0.0 |   420
        Lair:5 |       0 |    9189 |   0.0 |       0 |      27 |   0.0 |   294
        Lair:6 |       0 |   20387 |   0.0 |       0 |      57 |   0.0 |   596
      Shoals:1 |       0 |   21270 |   0.0 |       0 |      39 |   0.0 |   744
      Shoals:2 |       0 |   27101 |   0.0 |       0 |      58 |   0.0 |   420
      Shoals:3 |       0 |   13344 |   0.0 |       0 |      26 |   0.0 |   382
      Shoals:4 |       0 |   55099 |   0.0 |       0 |      80 |   0.0 |   686
       Snake:1 |       0 |    7261 |   0.0 |       0 |      14 |   0.0 |   327
       Snake:2 |       0 |    4391 |   0.0 |       0 |       9 |   0.0 |   519
       Snake:3 |       0 |   26547 |   0.0 |       0 |      47 |   0.0 |   563
       Snake:4 |       0 |   65944 |   0.0 |       0 |      99 |   0.0 |   761
       Slime:1 |       0 |    7169 |   0.0 |       0 |      12 |   0.0 |    58
       Slime:2 |       0 |   12291 |   0.0 |       0 |      22 |   0.0 |   166
       Slime:3 |       0 |   13391 |   0.0 |       0 |      16 |   0.0 |    61
       Slime:4 |       0 |    9585 |   0.0 |       0 |      18 |   0.0 |   162
       Slime:5 |       0 |   48426 |   0.0 |       0 |      54 |   0.0 |   403
         Orc:1 |       0 |    2050 |   0.0 |       0 |      38 |   0.0 |   398
         Orc:2 |       0 |   16578 |   0.0 |       0 |      89 |   0.0 |  1000
         Elf:1 |       0 |   18979 |   0.0 |       0 |      32 |   0.0 |   949
         Elf:2 |       0 |   28566 |   0.0 |       0 |      42 |   0.0 |  1016
         Elf:3 |       0 |   69531 |   0.0 |       0 |      67 |   0.0 |  1692
      Vaults:1 |       0 |   48573 |   0.0 |       0 |      96 |   0.0 |   835
      Vaults:2 |       0 |   31119 |   0.0 |       0 |      65 |   0.0 |   962
      Vaults:3 |       0 |   87003 |   0.0 |       0 |     106 |   0.0 |  1327
      Vaults:4 |       0 |   60701 |   0.0 |       0 |      77 |   0.0 |   944
      Vaults:5 |       0 |  156730 |   0.0 |       0 |     121 |   0.0 |   768
       Crypt:1 |       0 |   19491 |   0.0 |       0 |      31 |   0.0 |    94
       Crypt:2 |       0 |   10456 |   0.0 |       0 |      16 |   0.0 |   186
       Crypt:3 |       0 |   55133 |   0.0 |       0 |      62 |   0.0 |   298
        Tomb:1 |       0 |  189162 |   0.0 |       0 |     124 |   0.0 |   705
        Tomb:2 |       0 |   57630 |   0.0 |       0 |      71 |   0.0 |   352
        Tomb:3 |       0 |   94323 |   0.0 |       0 |      87 |   0.0 |   393
      Depths:1 |       0 |   40828 |   0.0 |       0 |      48 |   0.0 |  1275
      Depths:2 |       0 |   70530 |   0.0 |       0 |      85 |   0.0 |   668
      Depths:3 |       0 |  122872 |   0.0 |       0 |      98 |   0.0 |  1476
      Depths:4 |       0 |   96188 |   0.0 |       0 |      90 |   0.0 |  1450
      Depths:5 |       0 |   80585 |   0.0 |       0 |      76 |   0.0 |   720
         Zig:1 |       0 |    8391 |   0.0 |       0 |      12 |   0.0 |    61
         Zig:2 |       0 |   14928 |   0.0 |       0 |      19 |   0.0 |    79
         Zig:3 |       0 |   26764 |   0.0 |       0 |      24 |   0.0 |   110
         Zig:4 |       0 |   30035 |   0.0 |       0 |      32 |   0.0 |   111
         Zig:5 |       0 |   56388 |   0.0 |       0 |      35 |   0.0 |   146
         Zig:6 |       0 |   50115 |   0.0 |       0 |      57 |   0.0 |   156
         Zig:7 |       0 |   91848 |   0.0 |       0 |      50 |   0.0 |   271
         Zig:8 |       0 |   63165 |   0.0 |       0 |      74 |   0.0 |   195
         Zig:9 |       0 |  116878 |   0.0 |       0 |      70 |   0.0 |   250
        Zig:10 |       0 |  109258 |   0.0 |       0 |     108 |   0.0 |   192
        Zig:11 |       0 |  137044 |   0.0 |       0 |     120 |   0.0 |   272
        Zig:12 |       0 |  104305 |   0.0 |       0 |     144 |   0.0 |   276
        Zig:13 |       0 |  125794 |   0.0 |       0 |     157 |   0.0 |   319
        Zig:14 |       0 |  174548 |   0.0 |       0 |     147 |   0.0 |   264
        Zig:15 |       0 |  188127 |   0.0 |       0 |     151 |   0.0 |   296
        Zig:16 |       0 |  216721 |   0.0 |       0 |     163 |   0.0 |   429
        Zig:17 |       0 |  193142 |   0.0 |       0 |     184 |   0.0 |   335
        Zig:18 |       0 |  146491 |   0.0 |       0 |     174 |   0.0 |   326
        Zig:19 |       0 |  200118 |   0.0 |       0 |     143 |   0.0 |   308
        Zig:20 |       0 |  227083 |   0.0 |       0 |     176 |   0.0 |   328
        Zig:21 |       0 |  317312 |   0.0 |       0 |     144 |   0.0 |   420
        Zig:22 |       0 |  223466 |   0.0 |       0 |     172 |   0.0 |   253
        Zig:23 |       0 |  167972 |   0.0 |       0 |     145 |   0.0 |   188
        Zig:24 |       0 |  129241 |   0.0 |       0 |     213 |   0.0 |   263
        Zig:25 |       0 |  172416 |   0.0 |       0 |     179 |   0.0 |   272
        Zig:26 |       0 |  154545 |   0.0 |       0 |     281 |   0.0 |   240
        Zig:27 |       0 |  292321 |   0.0 |       0 |     174 |   0.0 |   276
         IceCv |       0 |    7665 |   0.0 |       0 |      22 |   0.0 |   169
               +---------+---------+-------+---------+---------+-------+---------
